 Dungeon Crawl Stone Soup version 0.30.0-29-ga12c61a403 (webtiles) character file.

Game seed: 14116436673630730804

412570 qw the Impregnable (level 23, -4/155 HPs)
             Began as a Gargoyle Fighter on June 3, 2023.
             Was an Elder of Okawaru.
             Slain by Grunn
             ... wielding a +6 glaive of draining
              (24 damage)
             ... on level 3 of the Depths.
             The game lasted 00:30:28 (40167 turns).

qw the Impregnable (Gargoyle Fighter)              Turns: 40167, Time: 00:30:29

Health: -4/155     AC: 75    Str: 34    XL:     23   Next: 54%
Magic:  28/30      EV: 17    Int: 10    God:    Okawaru [****..]
Gold:   794        SH: 23    Dex: 12    Spells: 22/22 levels left

rFire   . . .        Y - +9 broad axe (heavy)
rCold   + + .        v - +0 tower shield
rNeg    + . .        J - +13 crystal plate armour of Marbles {Rampage rC++ Dex+3 Slay-6}
rPois   inf          g - +2 helmet
rElec   +            r - +1 cloak {Will+}
rCorr   .            p - +2 pair of gloves
SInv    +            e - +0 pair of boots "Dyamn" {-Cast Will+ Regen+ Str+4}
Will    +++..        j - amulet of faith Stlth
                     o - ring of see invisible
HPRegen 1.25/turn    h - +5 ring of evasion
MPRegen 0.22/turn

%: no spellcasting, rampage, faith
@: about to teleport, heroic, flying, slowed, very slow
A: sickness immunity, AC +17, big wings, negative energy resistance 1,
electricity resistance, torment resistance 1, petrification resistance
}: 2/15 runes: barnacled, gossamer
a: Renounce Religion, Heroism, Finesse


You were on level 3 of the Depths.
You worshipped Okawaru.
Okawaru was greatly pleased with you.
You visited 8 branches of the dungeon, and saw 38 of its levels.
You visited 2 bazaars.
You also visited: Sewer.

You collected 5610 gold pieces.
You spent 4816 gold pieces at shops.


Innate Abilities, Weirdness & Mutations

You are immune to sickness and miasma.
Your stone body is resilient. (AC +17)
You are immune to poison.
Your large and strong wings let you fly.
You resist negative energy. (rN+)
You are resistant to electric shocks. (rElec)
You are resistant to unholy torment.
You are immune to petrification.


   Skills:
 + Level 19.5(24.5) Fighting
 - Level 18.0(23.0) Axes
 - Level 10.0(15.0) Throwing
 - Level 22.0(27) Armour
 - Level 6.0(11.0) Dodging
 - Level 20.4(25.4) Shields
 - Level 10.0 Invocations


You had 22 spell levels left.
You didn't know any spells.
Your spell library was empty.

Inventory:

Hand Weapons
 B - the +1 broad axe of Annoyance {heavy, +Blink rPois rF+ rC+}
   (You found it on level 2 of the Vaults)

   rF:        It protects you from fire.
   rC:        It protects you from cold.
   rPois:     It protects you from poison.
   +Blink:    It lets you blink.
 Y - a +9 heavy broad axe (weapon)
Missiles
 C - 17 silver boomerangs (quivered)
 D - 19 boomerangs
 E - 3 boomerangs of dispersal
Armour
 e - the +0 pair of boots "Dyamn" (worn) {-Cast Will+ Regen+ Str+4}
   (You found it on level 2 of the Dungeon)

   Str:       It affects your strength (+4).
   -Cast:     It prevents spellcasting.
   Regen:     It increases your rate of health regeneration.
   Will:      It increases your willpower.
 g - a +2 helmet (worn)
 p - a +2 pair of gloves (worn)
 r - a +1 cloak of willpower (worn)
 v - a +0 tower shield (worn)
 J - the +13 crystal plate armour of Marbles (worn) {Rampage rC++ Dex+3 Slay-6}
   (Okawaru gifted it to you on level 2 of the Spider Nest)

   Dex:       It affects your dexterity (+3).
   Slay:      It affects your accuracy & damage with ranged weapons and melee
   (-6).
   rC:        It greatly protects you from cold.
   Rampage:   It bestows one free step when moving towards enemies.
Jewellery
 b - a +4 ring of slaying {mikee}
 f - a ring of ice
 h - a +5 ring of evasion (right hand)
 j - an amulet of faith (around neck)
 k - an amulet of regeneration
 o - a ring of see invisible (left hand)
 q - a ring of protection from fire
 t - a ring of protection from fire
 G - a +4 ring of protection
 H - the amulet of Qaokhiopp {Acrobat Slay+3}
   (You bought it in a shop on level 2 of the Orcish Mines)

   [amulet of the acrobat]

   It increases your evasion while moving and waiting.
   Slay:      It affects your accuracy & damage with ranged weapons and melee
   (+3).
 K - a ring of ice
Wands
 y - a wand of digging (13)
Scrolls
 a - 25 scrolls of teleportation
 i - 18 scrolls of identify
 w - 3 scrolls of enchant weapon
Potions
 d - 6 potions of might
 l - 18 potions of curing
 m - 5 potions of attraction
 n - 7 potions of cancellation
 s - 2 potions of resistance
 u - 12 potions of lignification
 z - 10 potions of mutation
 A - 5 potions of magic
 I - 11 potions of haste

Dungeon Overview and Level Annotations

Branches:
Dungeon (15/15)            Temple (1/1) D:7            Lair (5/5) D:8
 Shoals (4/4) Lair:2       Spider (4/4) Lair:3        Slime (0/5) Lair:5
    Orc (2/2) D:10            Elf (0/3) Orc:2        Vaults (4/5) D:14
  Crypt (0/3) Vaults:3     Depths (3/4) D:15          Sewer (visited)

Altars:
Ashenzari
Cheibriados
Dithmenos
Elyvilon
Fedhas
Gozag
Hepliaklqana
Kikubaaqudgha
Makhleb
Nemelex Xobeh
Okawaru
Qazlal
Ru
Sif Muna
Trog
Uskayaw
Vehumet
Wu Jian
Xom
Yredelemnul
Zin
The Shining One

Shops:
D:7 *   D:11 *   Orc:2 [=(!!   Shoals:2 (   Shoals:3 !*[=   Vaults:3 *

Portals:
Hell: Depths:1 Depths:2 Depths:3
Abyss: Depths:2 Depths:3
Pandemonium: Depths:2
Ziggurat: Depths:2

Annotations:
D:13 1 runed translucent door, qw's ghost, journeyman GrFi
Spider:2 1 runed translucent door
Depths:3 Grunn


Message History

The tormentor says, "I will show you what pain is."
The tormentor calls on the powers of darkness!
Your body is wracked with pain!
The deep troll shaman convulses!
The fire giant convulses!
The deep troll convulses!
The deep troll earth mage convulses!
The deep troll convulses! x2
You block the deep troll shaman's attack.
The deep troll shaman barely misses you.
You block the deep troll shaman's attack.
The tormentor barely misses you. The tormentor misses you.
You block the Tzitzimitl's attack. x2; You block Grunn's attack.
The deep troll shaman bites you but does no damage.
The deep troll shaman closely misses you.
The deep troll shaman claws you but does no damage.
The reaper shouts, "Die, qw!"
You chop the tormentor into pieces!!!
You kill the tormentor!
Okawaru accepts your kill.
You hit the Tzitzimitl but do no damage.
You slice the deep troll shaman like a ripe choko!!!
You kill the deep troll shaman!
Okawaru accepts your kill.
You feel like a meek peon again.
The Tzitzimitl engulfs you but does no damage.
You block the Tzitzimitl's attack. Grunn hits you but does no damage.
The Tzitzimitl completely misses you.
The Tzitzimitl bites you but does no damage.
Grunn closely misses you. The fire giant barely misses you.
The bone dragon bites you but does no damage.
You block the bone dragon's attack. The bone dragon completely misses you.
Your life force feels restored.
40167 ||| INVOKING Heroism.
You gain the combat prowess of a mighty hero.
The reaper closely misses you.
The Tzitzimitl calls on the powers of darkness!
Your body is wracked with pain!
The fire giant convulses!
The iron troll convulses!
The deep troll shaman convulses!
The deep troll earth mage convulses!
The deep troll convulses! x3
You block the fire giant's attack.
Grunn hits you from afar with a +6 glaive of draining!!
You die...

#
######..##.#
# #8.##.# #
#..##.# #
#.8#########
#
#.}8.......#
#
#.......8..#
##########2#
#1D# #@##
#C#


TgT TTTT# ...T.# ......# .......# ## ........# .# You could see Grunn, a bone
dragon, a Tzitzimitl, a fire giant, an iron troll (fast), a reaper, 4 deep
trolls, a deep troll earth mage (strong) and a deep troll shaman.

Vanquished Creatures
  Boris (twice) (Depths:2 Depths:3)
  Frederick (Vaults:2)
  Bai Suzhen (Vaults:2)
  A caustic shrike (Depths:3)
  Nikola (Spider:3)
  Arachne (Spider:4)
  3 doom hounds (Depths:3)
  Rupert (Spider:1)
  Jorgrun (Orc:1)
  A tentacled monstrosity (Vaults:3)
  3 liches
  Zenata (Vaults:4)
  A walking divine tome (Depths:3)
  A walking crystal tome (Depths:3)
  Asterion (Spider:4)
  3 krakens
  Polyphemus (Shoals:2)
  2 sphinxes
  3 shadow dragons (Depths:3)
  2 tengu reavers
  2 storm dragons
  Donald (Shoals:2)
  Ilsuiw (Shoals:2)
  An iron dragon (Depths:2)
  5 emperor scorpions
  3 fire giants
  20 vault wardens
  A frost giant (Depths:3)
  5 ghost moths
  3 orc warlords
  Aizul (Shoals:4)
  A ghoul (Vaults:3)
  15 ironbound preservers
  6 stone giants
  A spriggan defender (Depths:3)
  A broodmother (Spider:2)
  7 very ugly things
  15 ironbound thunderhulks
  2 war gargoyles
  5 deep elf annihilators (Depths:2)
  3 vampire knights
  7 dire elephants
  An eidolon (Vaults:3)
  5 spark wasps
  4 statues (Depths:2)
  Snorg (D:11)
  An ettin (Depths:2)
  6 merfolk javelineers
  9 yaktaur captains
  Josephine (D:13)
  11 merfolk impalers
  2 fire dragons
  4 entropy weavers
  4 great orbs of eyes
  8 ice dragons
  20 vault guards
  6 hydras
  2 hell beasts (Depths:2)
  A jiangshi (Vaults:3)
  4 salamander tyrants (Depths:2)
  2 rakshasas
  A peacekeeper (Vaults:1)
  A catoblepas (Shoals:2)
  Harold (Lair:2)
  23 centaur warriors
  6 merfolk avatars
  9 merfolk aquamancers
  2 spriggan air magi
  2 death knights (D:15)
  7 ironbound frosthearts
  3 radroaches
  2 ogre magi
  10 boulder beetles
  4 satyrs
  13 death yaks
  4 deep troll shamans
  8 two-headed ogres
  2 spriggan berserkers
  5 tengu warriors
  Urug (D:10)
  3 deep troll earth magi
  Nergalle (Lair:3)
  A hell knight (Depths:3)
  A soul eater (Depths:2)
  4 spriggans
  3 iron trolls
  2 skeletal warriors
  4 skysharks
  31 deep trolls
  7 orb spiders
  6 sea snakes
  3 pharaoh ants
  A deep elf archer (D:14)
  Pikel (D:5)
  9 harpies
  2 deep elf zephyrmancers (D:15)
  9 steelbarb worms
  3 necromancers
  16 ironbound convokers
  25 lindwurms
  13 wizards
  28 ugly things
  A frost giant zombie (Depths:1)
  11 orc sorcerers
  A stone giant zombie (Depths:1)
  13 manticores
  20 wolf spiders
  3 moths of wrath
  11 fauns
  2 centaur zombies (D:15)
  6 cyclopes
  6 black mambas
  8 elephants
  A stone giant skeleton (Vaults:2)
  8 merfolk sirens
  A fire giant skeleton (Vaults:2)
  9 water nymphs
  7 torpor snails
  15 vault sentinels
  5 demonic crawlers
  14 cane toads
  A naga mage (D:15)
  An unseen horror (D:11)
  A yaktaur zombie (Vaults:2)
  4 kobold demonologists
  A spriggan zombie (Depths:1)
  30 yaktaurs
  8 komodo dragons
  Maggie (D:9)
  5 rime drakes
  A spark wasp simulacrum (Depths:1)
  A tormentor (Depths:3)
  6 tengu conjurers
  3 efreet
  2 ice devils (D:13)
  28 merfolk
  5 hornets
  3 meliai (Spider:3)
  2 trolls
  25 tarantellas
  A polar bear (shapeshifter) (D:15)
  8 wind drakes
  Grinder (D:6)
  A raiju (shapeshifter) (D:14)
  3 blink frogs (Lair:5)
  11 polar bears
  A wolf spider simulacrum (D:15)
  15 dream sheep
  12 snapping turtles
  19 culicivoras
  6 air elementals (Shoals:4)
  30 slime creatures
  31 jumping spiders
  Sigmund (D:6)
  2 vampires
  5 shadows
  10 wraiths
  33 water elementals
  5 wyverns
  6 basilisks
  A human (D:14)
  57 yaks
  A steam dragon (D:9)
  9 vampire mosquitoes
  Menkaure (D:5)
  28 redbacks
  7 wargs
  A glowing shapeshifter zombie (Vaults:2)
  17 hell hounds (Lair:5)
  17 water moccasins
  A glowing shapeshifter skeleton (Depths:1)
  13 orc warriors
  2 sky beasts (D:7)
  11 black bears (Lair:5)
  2 ice beasts
  6 ogres
  A boggart (shapeshifter) (Vaults:2)
  17 wolves
  7 centaurs
  2 lemures (D:5)
  7 kobold brigands
  A human zombie (Vaults:2)
  Blork the orc (D:5)
  14 bullfrogs
  3 scorpions
  A gnoll sergeant (D:9)
  A hornet simulacrum (D:15)
  19 wights
  3 killer bees (D:10)
  2 electric eels (D:11)
  6 howler monkeys
  A lava snake (D:8)
  3 hounds
  6 jellies
  13 orc priests
  2 gnoll boudas
  Ijyb (D:5)
  A boggart zombie (D:15)
  2 iguanas
  26 orc wizards
  14 adders
  26 gnolls
  2 river rats (Sewer)
  3 shadow imps
  4 white imps
  4 ufetubi
  A worm (D:2)
  3 dart slugs (D:1)
  75 orcs
  21 ball pythons
  11 endoplasms
  6 giant cockroaches
  8 goblins
  5 hobgoblins
  7 jackals
  15 kobolds
  5 quokkas
  5 bats
  3 frilled lizards
  32 rats
  A spectral weapon (Spider:4)
  9 tentacles
1551 creatures vanquished.

Vanquished Creatures (others)
  A broodmother (Spider:4)
  2 pharaoh ants (Spider:3)
  A sea snake (Shoals:1)
  3 orb spiders (Spider:3)
  3 wizards
  A faun (Shoals:4)
  A naga mage (D:15)
  3 tarantellas (Spider:3)
  5 jumping spiders (Spider:3)
  4 culicivoras
  A water elemental (Shoals:4)
  7 redbacks
  6 tentacles
38 creatures vanquished.

Grand Total: 1589 creatures vanquished

Notes
Turn   | Place    | Note
-------+----------+-------------------------------------------
     0 | D:1      | qw the Gargoyle Fighter began the quest for the Orb.
     0 | D:1      | Reached XP level 1. HP: 14/14 MP: 1/1
     0 | D:1      | 0 ||| qw: Version: 0.2-a-103-g5a998e5
     0 | D:1      | 0 ||| qw: Game counter: 990
     0 | D:1      | 0 ||| qw: Always use a shield: true
     0 | D:1      | 0 ||| qw: God list: Okawaru
     0 | D:1      | 0 ||| qw: Allow faded altars: false
     0 | D:1      | 0 ||| qw: Do Orc after D:15 true
     0 | D:1      | 0 ||| qw: Do second Lair branch before Depths: true
     0 | D:1      | 0 ||| qw: Lair rune preference: random
     0 | D:1      | 0 ||| qw: Plans: Normal, Zot:1-4, Slime:5, God:TSO, Crypt,
                  | Tomb, Pan, Hells, Abyss, Win
     0 | D:1      | 0 ||| PLANNING D:1-11
    81 | D:1      | Reached XP level 2. HP: 19/19 MP: 2/2
   220 | D:1      | HP: 4/19 [hobgoblin (3)]
   221 | D:1      | Reached skill level 3 in Axes
   221 | D:1      | Reached XP level 3. HP: 4/23 MP: 3/3
   390 | D:1      | 390 ||| Stepping ~*~*~tactically~*~*~ (hiding).
   392 | D:1      | 392 ||| Stepping ~*~*~tactically~*~*~ (hiding).
   489 | D:1      | 489 ||| Stepping ~*~*~tactically~*~*~ (hiding).
   726 | D:1      | 726 ||| UPGRADING to amulet of regeneration.
   731 | D:1      | 731 ||| READING scroll labelled MOAMOC CERA.
   732 | D:1      | 732 ||| READING scroll labelled GYRECERITOF.
   833 | D:1      | 833 ||| READING scroll labelled MOYXUM GUTOCU.
   834 | D:1      | 834 ||| READING scroll labelled ACICZY ODUNK.
   835 | D:1      | 835 ||| READING scroll labelled KEUNOE RUIMO.
   836 | D:1      | 836 ||| READING scroll labelled IXKUIL JIKETE.
   837 | D:1      | 837 ||| READING scroll labelled YQEQA ELLOEWA.
   962 | D:2      | Identified the +0 pair of boots "Dyamn" {-Cast Will+ Regen+
                  | Str+4}
  1071 | D:2      | Reached XP level 4. HP: 28/28 MP: 4/4
  1152 | D:2      | Found a sacrificial altar of Ru.
  1788 | D:2      | 1788 ||| UPGRADING to +0 pair of boots "Dyamn" {-Cast Will+
                  | Regen+ Str+4}.
  1793 | D:2      | 1793 ||| UPGRADING to +0 chain mail.
  1803 | D:2      | 1803 ||| DROPPING +0 scale mail.
  1804 | D:2      | 1804 ||| READING scroll labelled BAEXUE AMALI.
  1805 | D:2      | 1805 ||| DRINKING 3 fuming purple potions.
  1806 | D:2      | 1806 ||| READING 2 scrolls of identify.
  1806 | D:2      | 1806 ||| IDENTIFYING bubbling pink potion
  1807 | D:2      | 1807 ||| DROPPING potion of degeneration.
  1869 | D:3      | HP: 7/28 [orc priest/divine providence (13)]
  1870 | D:3      | 1870 ||| READING 3 scrolls of teleportation.
  2015 | D:3      | Reached XP level 5. HP: 30/32 MP: 5/5
  2283 | D:3      | 2283 ||| UPGRADING to +0 pair of gloves.
  2288 | D:3      | 2288 ||| UPGRADING to +0 helmet.
  2293 | D:3      | 2293 ||| READING scroll labelled MEYNNON UCOFE.
  2294 | D:3      | 2294 ||| READING scroll labelled OSHRIX XUN OVET.
  2295 | D:3      | 2295 ||| READING 3 scrolls of identify.
  2295 | D:3      | 2295 ||| IDENTIFYING sedimented black potion
  2296 | D:3      | 2296 ||| READING 2 scrolls of identify.
  2296 | D:3      | 2296 ||| IDENTIFYING fizzy green potion
  2310 | D:4      | 2310 ||| PLANNING SEWER
  2382 | D:4      | Reached XP level 6. HP: 39/39 MP: 6/6
  2504 | D:4      | 2504 ||| Stepping ~*~*~tactically~*~*~ (hiding).
  2711 | D:4      | Found a glowing drain.
  2720 | D:4      | 2720 ||| UPGRADING to ring of see invisible.
  2721 | D:4      | 2721 ||| READING scroll labelled RACIEZXOAGID.
  2731 | Sewer    | Entered a sewer
  3002 | Sewer    | Reached skill level 6 in Axes
  3011 | Sewer    | Reached XP level 7. HP: 44/44 MP: 7/7
  3012 | Sewer    | Reached skill level 1 in Dodging
  3032 | Sewer    | 3032 ||| READING scroll labelled SEUSEOL PASEW.
  3033 | Sewer    | 3033 ||| READING scroll labelled TUROTS OLEYTHRI.
  3034 | Sewer    | 3034 ||| READING 2 scrolls of identify.
  3034 | Sewer    | 3034 ||| IDENTIFYING pink potion
  3035 | Sewer    | 3035 ||| DROPPING potion of ambrosia.
  3039 | D:4      | 3039 ||| PLANNING D:1-11
  3190 | D:4      | Found a glowing golden altar of the Shining One.
  3195 | D:4      | 3195 ||| DRINKING 3 bubbling purple potions.
  3315 | D:4      | 3315 ||| DROPPING 2 potions of berserk rage.
  3363 | D:4      | 3363 ||| DROPPING +0 whip.
  3401 | D:4      | 3401 ||| READING scroll labelled QAECOAC KUSEODU.
  3418 | D:5      | Entered Level 5 of the Dungeon
  3422 | D:5      | 3422 ||| STAIRDANCE
  3494 | D:5      | Noticed Ijyb
  3497 | D:5      | 3497 ||| FLEEEEING.
  3498 | D:5      | 3498 ||| FLEEEEING.
  3499 | D:5      | 3499 ||| FLEEEEING.
  3502 | D:5      | Killed Ijyb
  3551 | D:5      | Reached XP level 8. HP: 49/49 MP: 8/8
  3559 | D:5      | 3559 ||| READING scroll of enchant armour.
  3559 | D:5      | 3559 ||| ENCHANTING +0 pair of gloves.
  3682 | D:5      | 3682 ||| SWAPPING to +0 broad axe.
  3701 | D:5      | 3701 ||| DROPPING +1 war axe.
  3852 | D:5      | Reached skill level 4 in Armour
  3892 | D:5      | 3892 ||| Stepping ~*~*~tactically~*~*~ (hiding).
  3907 | D:5      | 3907 ||| DROPPING +0 morningstar.
  4288 | D:5      | 4288 ||| DROPPING ring of magical power.
  4289 | D:5      | 4289 ||| DRINKING 2 grey potions.
  4290 | D:5      | 4290 ||| READING 2 scrolls of identify.
  4290 | D:5      | 4290 ||| IDENTIFYING bubbling brown potion
  4291 | D:5      | 4291 ||| DROPPING potion of invisibility.
  4301 | D:6      | Found a bloodstained altar of Trog.
  4328 | D:6      | 4328 ||| Stepping ~*~*~tactically~*~*~ (stealth).
  4330 | D:6      | 4330 ||| Stepping ~*~*~tactically~*~*~ (hiding).
  4360 | D:6      | 4360 ||| Stepping ~*~*~tactically~*~*~ (hiding).
  4374 | D:6      | Reached skill level 6 in Fighting
  4411 | D:6      | Noticed Sigmund
  4412 | D:6      | Noticed Grinder
  4413 | D:6      | HP: 11/51 [white imp/puff of frost (7)]
  4414 | D:6      | 4414 ||| READING 7 scrolls of teleportation.
  4416 | D:6      | Noticed Blork the orc
  4424 | D:6      | 4424 ||| FLEEEEING.
  4425 | D:6      | 4425 ||| FLEEEEING.
  4426 | D:6      | 4426 ||| FLEEEEING.
  4426 | D:6      | Noticed Menkaure
  4427 | D:6      | 4427 ||| STAIRDANCE
  4434 | D:5      | 4434 ||| UPGRADING to +0 plate armour.
  4444 | D:5      | 4444 ||| DROPPING +0 chain mail.
  4445 | D:5      | 4445 ||| UPGRADING to +5 ring of evasion.
  4449 | D:6      | Noticed Pikel
  4451 | D:6      | 4451 ||| STAIRDANCE
  4457 | D:5      | Killed Menkaure
  4458 | D:5      | Reached skill level 5 in Armour
  4474 | D:6      | 4474 ||| STAIRDANCE
  4482 | D:5      | Killed Blork the orc
  4483 | D:5      | Reached XP level 9. HP: 52/55 MP: 9/9
  4485 | D:5      | Killed Pikel
  4486 | D:5      | Reached skill level 9 in Axes
  4498 | D:6      | 4498 ||| Stepping ~*~*~tactically~*~*~ (hiding).
  4506 | D:6      | Killed Grinder
  4631 | D:6      | Killed Sigmund
  4632 | D:6      | Reached skill level 6 in Armour
  4642 | D:6      | Found a stormy altar of Qazlal.
  4799 | D:6      | Noticed a wizard
  4804 | D:6      | Killed a wizard
  4870 | D:6      | 4870 ||| DROPPING +2 pair of boots.
  4871 | D:6      | 4871 ||| DRINKING 2 metallic golden potions.
  4937 | D:7      | 4937 ||| PLANNING OSSUARY
  5526 | D:7      | Found a shimmering altar of Xom.
  5532 | D:7      | 5532 ||| RIP OSSUARY
  5565 | D:7      | 5565 ||| PLANNING D:1-11
  5647 | D:7      | Found Igufar's Lightly-Used Armoury.
  5653 | D:7      | 5653 ||| SHOPLISTING -2 gold dragon scales (910 gold, have
                  | 513).
  5722 | D:7      | Found a staircase to the Ecumenical Temple.
  5723 | D:7      | 5723 ||| PLANNING TEMPLE
  5723 | D:7      | 5723 ||| UPGRADING to +2 helmet.
  5733 | D:7      | 5733 ||| DROPPING +0 helmet.
  5734 | D:7      | 5734 ||| UPGRADING to +0 kite shield.
  5744 | D:7      | 5744 ||| DROPPING +0 buckler.
  5745 | D:7      | 5745 ||| READING 3 scrolls of identify.
  5745 | D:7      | 5745 ||| IDENTIFYING cyan potion
  5751 | Temple   | Entered the Ecumenical Temple
  5765 | Temple   | 5765 ||| PLANNING OKAWARU WORSHIP
  5842 | Temple   | Became a worshipper of Warmaster Okawaru
  5842 | Temple   | 5842 ||| PLANNING D:1-11
  6117 | D:8      | Noticed a two-headed ogre
  6122 | D:8      | 6122 ||| Stepping ~*~*~tactically~*~*~ (stealth).
  6135 | D:8      | Killed a two-headed ogre
  6136 | D:8      | Reached skill level 6 in Shields
  6136 | D:8      | Reached XP level 10. HP: 49/63 MP: 10/10
  6148 | D:8      | Reached * piety under Okawaru
  6244 | D:8      | Reached skill level 1 in Invocations
  6335 | D:8      | 6335 ||| Stepping ~*~*~tactically~*~*~ (stealth).
  6337 | D:8      | 6337 ||| Stepping ~*~*~tactically~*~*~ (hiding).
  6357 | D:8      | 6357 ||| INVOKING Heroism.
  6395 | D:8      | 6395 ||| Stepping ~*~*~tactically~*~*~ (stealth).
  6401 | D:8      | Reached skill level 3 in Invocations
  6469 | D:8      | Found an ancient bone altar of Kikubaaqudgha.
  6635 | D:8      | Found a staircase to the Lair.
  6636 | D:8      | 6636 ||| INVOKING Heroism.
  6660 | D:8      | Identified the +0 ring mail of Alet {rElec Dex+3}
  6728 | D:8      | 6728 ||| INVOKING Heroism.
  6815 | D:8      | 6815 ||| PLANNING LAIR
  6829 | Lair:1   | Entered Level 1 of the Lair of Beasts
  6898 | Lair:1   | Noticed a cane toad
  6899 | Lair:1   | 6899 ||| INVOKING Heroism.
  6910 | Lair:1   | Killed a cane toad
  7002 | Lair:1   | Reached skill level 9 in Shields
  7022 | Lair:1   | 7022 ||| Stepping ~*~*~tactically~*~*~ (stealth).
  7029 | Lair:1   | 7029 ||| INVOKING Heroism.
  7034 | Lair:1   | Reached ** piety under Okawaru
  7035 | Lair:1   | Noticed a cane toad
  7041 | Lair:1   | Reached skill level 7 in Armour
  7044 | Lair:1   | Reached XP level 11. HP: 67/67 MP: 12/14
  7111 | Lair:1   | 7111 ||| Stepping ~*~*~tactically~*~*~ (stealth).
  7113 | Lair:1   | 7113 ||| Stepping ~*~*~tactically~*~*~ (stealth).
  7162 | Lair:1   | 7162 ||| Stepping ~*~*~tactically~*~*~ (hiding).
  7301 | Lair:1   | 7301 ||| Stepping ~*~*~tactically~*~*~ (stealth).
  7303 | Lair:1   | 7303 ||| Stepping ~*~*~tactically~*~*~ (stealth).
  7315 | Lair:1   | 7315 ||| INVOKING Heroism.
  7382 | Lair:1   | 7382 ||| INVOKING Heroism.
  7714 | Lair:2   | 7714 ||| INVOKING Heroism.
  7724 | Lair:2   | Reached *** piety under Okawaru
  7730 | Lair:2   | Reached skill level 8 in Armour
  7750 | Lair:2   | Found a staircase to the Shoals.
  7752 | Lair:2   | 7752 ||| Stepping ~*~*~tactically~*~*~ (hiding).
  7870 | Lair:2   | Noticed Harold
  7871 | Lair:2   | 7871 ||| Stepping ~*~*~tactically~*~*~ (hiding).
  7872 | Lair:2   | 7872 ||| Stepping ~*~*~tactically~*~*~ (hiding).
  7873 | Lair:2   | 7873 ||| Stepping ~*~*~tactically~*~*~ (hiding).
  7874 | Lair:2   | 7874 ||| Stepping ~*~*~tactically~*~*~ (hiding).
  7876 | Lair:2   | 7876 ||| INVOKING Heroism.
  7888 | Lair:2   | Killed Harold
  8002 | Lair:2   | 8002 ||| INVOKING Heroism.
  8016 | Lair:2   | Reached skill level 1 in Throwing
  8039 | Lair:2   | 8039 ||| INVOKING Heroism.
  8045 | Lair:2   | Noticed a seven-headed hydra
  8046 | Lair:2   | Reached skill level 9 in Fighting
  8052 | Lair:2   | 8052 ||| SWAPPING to +0 war axe of flaming.
  8059 | Lair:2   | Killed a three-headed hydra
  8059 | Lair:2   | Reached **** piety under Okawaru
  8060 | Lair:2   | 8060 ||| SWAPPING to +0 broad axe.
  8116 | Lair:2   | 8116 ||| Stepping ~*~*~tactically~*~*~ (stealth).
  8117 | Lair:2   | 8117 ||| Stepping ~*~*~tactically~*~*~ (stealth).
  8119 | Lair:2   | 8119 ||| Stepping ~*~*~tactically~*~*~ (stealth).
  8139 | Lair:2   | Reached XP level 12. HP: 74/76 MP: 15/15
  8169 | Lair:2   | Reached skill level 3 in Throwing
  8302 | Lair:2   | You fall into a shaft and drop 1 floor!
  8319 | Lair:3   | 8319 ||| INVOKING Heroism.
  8340 | Lair:3   | Reached skill level 6 in Invocations
  8381 | Lair:3   | 8381 ||| Stepping ~*~*~tactically~*~*~ (stealth).
  8406 | Lair:3   | Reached ***** piety under Okawaru
  8432 | Lair:3   | Noticed a seven-headed hydra
  8433 | Lair:3   | 8433 ||| INVOKING Heroism.
  8434 | Lair:3   | 8434 ||| INVOKING Finesse.
  8436 | Lair:3   | 8436 ||| SWAPPING to +0 war axe of flaming.
  8442 | Lair:3   | Killed a two-headed hydra
  8443 | Lair:3   | 8443 ||| SWAPPING to +0 broad axe.
  8547 | Lair:3   | Noticed Nergalle
  8548 | Lair:3   | 8548 ||| INVOKING Heroism.
  8560 | Lair:3   | Killed Nergalle
  8717 | Lair:3   | 8717 ||| Stepping ~*~*~tactically~*~*~ (stealth).
  8728 | Lair:3   | 8728 ||| Stepping ~*~*~tactically~*~*~ (stealth).
  8735 | Lair:3   | Reached skill level 12 in Axes
  8759 | Lair:3   | 8759 ||| Stepping ~*~*~tactically~*~*~ (stealth).
  8762 | Lair:3   | 8762 ||| Stepping ~*~*~tactically~*~*~ (stealth).
  8768 | Lair:3   | 8768 ||| Stepping ~*~*~tactically~*~*~ (stealth).
  8954 | Lair:3   | 8954 ||| Stepping ~*~*~tactically~*~*~ (hiding).
  8974 | Lair:3   | 8974 ||| Stepping ~*~*~tactically~*~*~ (hiding).
  8987 | Lair:3   | 8987 ||| INVOKING Heroism.
  8994 | Lair:3   | Reached skill level 9 in Armour
  9022 | Lair:3   | Found a hole to the Spider Nest.
  9031 | Lair:3   | 9031 ||| INVOKING Heroism.
  9067 | Lair:3   | Noticed a skyshark
  9079 | Lair:3   | Killed a skyshark
  9080 | Lair:3   | Reached skill level 9 in Invocations
  9087 | Lair:3   | Reached XP level 13. HP: 80/80 MP: 19/19
  9117 | Lair:3   | 9117 ||| UPGRADING to +1 cloak.
  9122 | Lair:3   | 9122 ||| DROPPING +6 ring of intelligence.
  9123 | Lair:3   | 9123 ||| READING scroll labelled DINIHU ANEWO.
  9124 | Lair:3   | 9124 ||| READING scroll labelled TEACZA OBUF.
  9452 | Lair:3   | 9452 ||| INVOKING Heroism.
  9453 | Lair:3   | 9453 ||| INVOKING Finesse.
  9456 | Lair:3   | 9456 ||| SWAPPING to +0 war axe of flaming.
  9469 | Lair:3   | 9469 ||| SWAPPING to +0 broad axe of venom.
  9471 | Lair:3   | 9471 ||| SWAPPING to +0 war axe of flaming.
  9481 | Lair:3   | 9481 ||| SWAPPING to +0 broad axe of venom.
  9782 | Lair:3   | 9782 ||| UPGRADING to amulet of faith.
  9809 | Lair:4   | 9809 ||| INVOKING Heroism.
  9932 | Lair:4   | Identified the +3 pair of boots of Jylloen {Int+3} (Okawaru
                  | gifted it to you on level 4 of the Lair of Beasts)
  9932 | Lair:4   | Received a gift from Okawaru
  9946 | Lair:4   | 9946 ||| INVOKING Heroism.
 10056 | Lair:4   | 10056 ||| INVOKING Heroism.
 10189 | Lair:4   | 10189 ||| INVOKING Heroism.
 10208 | Lair:4   | 10208 ||| INVOKING Heroism.
 10347 | Lair:4   | 10347 ||| INVOKING Heroism.
 10541 | Lair:4   | 10541 ||| DROPPING +3 pair of boots of Jylloen {Int+3}.
 10564 | Lair:5   | Entered Level 5 of the Lair of Beasts
 10565 | Lair:5   | 10565 ||| INVOKING Heroism.
 10566 | Lair:5   | 10566 ||| Stepping ~*~*~tactically~*~*~ (stealth).
 10583 | Lair:5   | 10583 ||| SWAPPING to +0 war axe of flaming.
 10584 | Lair:5   | 10584 ||| INVOKING Finesse.
 10590 | Lair:5   | 10590 ||| SWAPPING to +0 broad axe of venom.
 10595 | Lair:5   | HP: 19/82 [death yak (8)]
 10596 | Lair:5   | 10596 ||| READING 9 scrolls of teleportation.
 10603 | Lair:5   | Reached skill level 10 in Armour
 10664 | Lair:5   | 10664 ||| Stepping ~*~*~tactically~*~*~ (stealth).
 10720 | Lair:5   | 10720 ||| Stepping ~*~*~tactically~*~*~ (stealth).
 10721 | Lair:5   | 10721 ||| INVOKING Heroism.
 10722 | Lair:5   | 10722 ||| Stepping ~*~*~tactically~*~*~ (stealth).
 10818 | Lair:5   | 10818 ||| Stepping ~*~*~tactically~*~*~ (stealth).
 10829 | Lair:5   | 10829 ||| INVOKING Heroism.
 10830 | Lair:5   | 10830 ||| INVOKING Finesse.
 10854 | Lair:5   | Received a gift from Okawaru
 10888 | Lair:5   | 10888 ||| SWAPPING to +1 broad axe of venom.
 10889 | Lair:5   | 10889 ||| DROPPING +0 broad axe of venom.
 10963 | Lair:5   | 10963 ||| Stepping ~*~*~tactically~*~*~ (stealth).
 10984 | Lair:5   | Found a staircase to the Slime Pits.
 10993 | Lair:5   | 10993 ||| Stepping ~*~*~tactically~*~*~ (stealth).
 11000 | Lair:5   | Gained mutation: Your large and strong wings let you fly.
                  | [Gargoyle growth]
 11000 | Lair:5   | Reached XP level 14. HP: 88/88 MP: 21/21
 11012 | Lair:5   | 11012 ||| INVOKING Heroism.
 11140 | Lair:5   | 11140 ||| READING scroll of enchant weapon.
 11140 | Lair:5   | 11140 ||| ENCHANTING +1 broad axe of venom.
 11206 | Lair:5   | 11206 ||| Stepping ~*~*~tactically~*~*~ (stealth).
 11212 | Lair:5   | 11212 ||| Stepping ~*~*~tactically~*~*~ (stealth).
 11213 | Lair:5   | 11213 ||| Stepping ~*~*~tactically~*~*~ (stealth).
 11258 | Lair:5   | 11258 ||| Stepping ~*~*~tactically~*~*~ (stealth).
 11280 | Lair:5   | 11280 ||| Stepping ~*~*~tactically~*~*~ (hiding).
 11401 | Lair:5   | 11401 ||| Stepping ~*~*~tactically~*~*~ (hiding).
 11435 | Lair:5   | 11435 ||| Stepping ~*~*~tactically~*~*~ (hiding).
 11462 | Lair:5   | 11462 ||| Stepping ~*~*~tactically~*~*~ (stealth).
 11476 | Lair:5   | 11476 ||| Stepping ~*~*~tactically~*~*~ (hiding).
 11477 | Lair:5   | 11477 ||| Stepping ~*~*~tactically~*~*~ (hiding).
 11478 | Lair:5   | 11478 ||| Stepping ~*~*~tactically~*~*~ (hiding).
 11490 | Lair:5   | 11490 ||| INVOKING Heroism.
 11504 | Lair:5   | 11504 ||| Stepping ~*~*~tactically~*~*~ (stealth).
 11507 | Lair:5   | 11507 ||| Stepping ~*~*~tactically~*~*~ (stealth).
 11509 | Lair:5   | 11509 ||| Stepping ~*~*~tactically~*~*~ (hiding).
 11547 | Lair:5   | 11547 ||| Stepping ~*~*~tactically~*~*~ (hiding).
 11562 | Lair:5   | 11562 ||| INVOKING Heroism.
 11576 | Lair:5   | 11576 ||| Stepping ~*~*~tactically~*~*~ (stealth).
 11589 | Lair:5   | Received a gift from Okawaru
 11602 | Lair:5   | 11602 ||| Stepping ~*~*~tactically~*~*~ (hiding).
 11618 | Lair:5   | 11618 ||| Stepping ~*~*~tactically~*~*~ (stealth).
 11633 | Lair:5   | 11633 ||| INVOKING Heroism.
 11700 | Lair:5   | Reached skill level 11 in Armour
 11713 | Lair:5   | 11713 ||| Stepping ~*~*~tactically~*~*~ (hiding).
 11727 | Lair:5   | Reached skill level 12 in Shields
 11781 | Lair:5   | 11781 ||| Stepping ~*~*~tactically~*~*~ (stealth).
 11782 | Lair:5   | 11782 ||| Stepping ~*~*~tactically~*~*~ (stealth).
 11784 | Lair:5   | 11784 ||| Stepping ~*~*~tactically~*~*~ (stealth).
 11804 | Lair:5   | 11804 ||| Stepping ~*~*~tactically~*~*~ (stealth).
 11805 | Lair:5   | 11805 ||| Stepping ~*~*~tactically~*~*~ (stealth).
 11809 | Lair:5   | 11809 ||| Stepping ~*~*~tactically~*~*~ (stealth).
 11890 | Lair:5   | 11890 ||| Stepping ~*~*~tactically~*~*~ (stealth).
 11891 | Lair:5   | 11891 ||| Stepping ~*~*~tactically~*~*~ (stealth).
 12095 | Lair:5   | 12095 ||| PLANNING D:1-11
 12095 | Lair:5   | 12095 ||| DROPPING ring of fire.
 12096 | Lair:5   | 12096 ||| READING scroll labelled VUAFFO ZOQEKED.
 12322 | D:9      | Found a blossoming altar of Fedhas.
 12432 | D:9      | 12432 ||| Stepping ~*~*~tactically~*~*~ (hiding).
 12434 | D:9      | Noticed Maggie
 12449 | D:9      | Killed Maggie
 12453 | D:9      | 12453 ||| FLEEEEING.
 12454 | D:9      | 12454 ||| FLEEEEING.
 12455 | D:9      | 12455 ||| FLEEEEING.
 12456 | D:9      | 12456 ||| FLEEEEING.
 12457 | D:9      | 12457 ||| FLEEEEING.
 12458 | D:9      | 12458 ||| FLEEEEING.
 12459 | D:9      | 12459 ||| FLEEEEING.
 12461 | D:9      | 12461 ||| FLEEEEING.
 12462 | D:9      | 12462 ||| FLEEEEING.
 12572 | D:9      | Found Zin's Purification Station.
 12578 | D:9      | Found a glowing silver altar of Zin.
 12581 | D:9      | 12581 ||| BUYING potion of curing (90 gold).
 12581 | D:9      | Bought a potion of curing for 90 gold pieces
 12941 | D:10     | Entered Level 10 of the Dungeon
 12977 | D:10     | 12977 ||| INVOKING Heroism.
 13008 | D:10     | 13008 ||| READING scroll of enchant weapon.
 13008 | D:10     | 13008 ||| ENCHANTING +2 broad axe of venom.
 13194 | D:10     | 13194 ||| Stepping ~*~*~tactically~*~*~ (hiding).
 13210 | D:10     | 13210 ||| Stepping ~*~*~tactically~*~*~ (hiding).
 13228 | D:10     | Found a staircase to the Orcish Mines.
 13278 | D:10     | Found a broken altar of Ashenzari.
 13286 | D:10     | Noticed Urug
 13287 | D:10     | 13287 ||| INVOKING Heroism.
 13288 | D:10     | 13288 ||| INVOKING Finesse.
 13293 | D:10     | Killed Urug
 13360 | D:10     | 13360 ||| READING scroll of enchant weapon.
 13360 | D:10     | 13360 ||| ENCHANTING +3 broad axe of venom.
 13379 | D:10     | 13379 ||| Stepping ~*~*~tactically~*~*~ (hiding).
 13393 | D:10     | Received a gift from Okawaru
 13439 | D:10     | 13439 ||| INVOKING Heroism.
 13806 | D:10     | 13806 ||| READING 11 scrolls of identify.
 13806 | D:10     | 13806 ||| IDENTIFYING blue potion
 13807 | D:10     | 13807 ||| DROPPING potion of flight.
 13828 | D:11     | 13828 ||| Stepping ~*~*~tactically~*~*~ (hiding).
 13830 | D:11     | 13830 ||| Stepping ~*~*~tactically~*~*~ (hiding).
 14014 | D:11     | Noticed Snorg
 14015 | D:11     | 14015 ||| INVOKING Heroism.
 14023 | D:11     | Killed Snorg
 14137 | D:11     | Reached skill level 15 in Axes
 14311 | D:11     | Found Bywoa's Overcharged Wands.
 14320 | D:11     | 14320 ||| BUYING wand of digging (11) (693 gold).
 14320 | D:11     | Bought a wand of digging (11) for 693 gold pieces
 14320 | D:11     | 14320 ||| SHOPLISTING wand of digging (11) (693 gold, have
                  | 616).
 14620 | D:11     | 14620 ||| INVOKING Heroism.
 14621 | D:11     | 14621 ||| INVOKING Finesse.
 14681 | D:11     | Identified the staff of poison "Ofad Mal" {rPois Str+3}
 14685 | D:11     | 14685 ||| PLANNING D
 14749 | D:12     | 14749 ||| STAIRDANCE
 14803 | D:12     | Identified the +1 plate armour of the Mackerel {Will+}
 15047 | D:12     | 15047 ||| Stepping ~*~*~tactically~*~*~ (hiding).
 15054 | D:12     | 15054 ||| INVOKING Heroism.
 15056 | D:12     | 15056 ||| READING 16 scrolls of teleportation.
 15063 | D:12     | Reached XP level 15. HP: 78/95 MP: 20/22
 15063 | D:12     | 15063 ||| Stepping ~*~*~tactically~*~*~ (hiding).
 15064 | D:12     | 15064 ||| Stepping ~*~*~tactically~*~*~ (hiding).
 15151 | D:12     | Received a gift from Okawaru
 15172 | D:12     | 15172 ||| Stepping ~*~*~tactically~*~*~ (stealth).
 15263 | D:12     | Reached skill level 12 in Fighting
 15401 | D:12     | Reached skill level 3 in Dodging
 15409 | D:12     | 15409 ||| Stepping ~*~*~tactically~*~*~ (stealth).
 15418 | D:12     | Received a gift from Okawaru
 15444 | D:12     | 15444 ||| Stepping ~*~*~tactically~*~*~ (stealth).
 15445 | D:12     | 15445 ||| Stepping ~*~*~tactically~*~*~ (stealth).
 15446 | D:12     | 15446 ||| Stepping ~*~*~tactically~*~*~ (stealth).
 15709 | D:12     | 15709 ||| UPGRADING to +1 plate armour of the Mackerel
                  | {Will+}.
 15719 | D:12     | 15719 ||| DROPPING +0 plate armour.
 15720 | D:12     | 15720 ||| READING 14 scrolls of identify.
 15720 | D:12     | 15720 ||| IDENTIFYING fuming orange potion
 15721 | D:12     | 15721 ||| DROPPING potion of brilliance.
 15746 | D:13     | 15746 ||| Stepping ~*~*~tactically~*~*~ (hiding).
 15747 | D:13     | 15747 ||| Stepping ~*~*~tactically~*~*~ (hiding).
 15748 | D:13     | 15748 ||| Stepping ~*~*~tactically~*~*~ (hiding).
 16216 | D:13     | 16216 ||| READING 3 scrolls of enchant weapon.
 16216 | D:13     | 16216 ||| ENCHANTING +4 broad axe of venom.
 16217 | D:13     | 16217 ||| READING 2 scrolls of enchant weapon.
 16217 | D:13     | 16217 ||| ENCHANTING +5 broad axe of venom.
 16218 | D:13     | 16218 ||| READING scroll of enchant weapon.
 16218 | D:13     | 16218 ||| ENCHANTING +6 broad axe of venom.
 16265 | D:13     | 16265 ||| Stepping ~*~*~tactically~*~*~ (stealth).
 16270 | D:13     | Received a gift from Okawaru
 16280 | D:13     | 16280 ||| INVOKING Heroism.
 16311 | D:13     | Found a frozen archway.
 16373 | D:13     | 16373 ||| Stepping ~*~*~tactically~*~*~ (hiding).
 16480 | D:13     | Noticed Josephine
 16493 | D:13     | Killed Josephine
 16960 | D:13     | Found a runed translucent door.
 16960 | D:13     | Noticed qw's ghost (journeyman GrFi)
 17158 | D:14     | 17158 ||| INVOKING Heroism.
 17159 | D:14     | 17159 ||| INVOKING Finesse.
 17162 | D:14     | 17162 ||| SWAPPING to +0 war axe of flaming.
 17169 | D:14     | Received a gift from Okawaru
 17170 | D:14     | 17170 ||| SWAPPING to +7 broad axe of venom.
 17438 | D:14     | 17438 ||| Stepping ~*~*~tactically~*~*~ (stealth).
 17441 | D:14     | Found a sacrificial altar of Ru.
 17485 | D:14     | 17485 ||| Stepping ~*~*~tactically~*~*~ (hiding).
 17683 | D:14     | Found a glowing golden altar of the Shining One.
 17766 | D:14     | 17766 ||| FLEEEEING.
 17767 | D:14     | 17767 ||| FLEEEEING.
 17768 | D:14     | 17768 ||| FLEEEEING.
 17769 | D:14     | 17769 ||| FLEEEEING.
 17811 | D:14     | 17811 ||| Stepping ~*~*~tactically~*~*~ (hiding).
 17814 | D:14     | 17814 ||| INVOKING Heroism.
 17823 | D:14     | Identified the +3 robe of the Game of Kings {rCorr}
                  | (Okawaru gifted it to you on level 14 of the Dungeon)
 17823 | D:14     | Received a gift from Okawaru
 17855 | D:14     | 17855 ||| INVOKING Heroism.
 17892 | D:14     | Reached skill level 12 in Armour
 17914 | D:14     | Found a gate to the Vaults.
 17931 | D:14     | 17931 ||| INVOKING Heroism.
 18001 | D:14     | 18001 ||| UPGRADING to +0 kite shield of cold resistance.
 18011 | D:14     | 18011 ||| DROPPING +0 kite shield.
 18030 | D:15     | Entered Level 15 of the Dungeon
 18037 | D:15     | 18037 ||| STAIRDANCE
 18101 | D:15     | 18101 ||| INVOKING Heroism.
 18121 | D:15     | 18121 ||| INVOKING Heroism.
 18173 | D:15     | 18173 ||| Stepping ~*~*~tactically~*~*~ (stealth).
 18180 | D:15     | 18180 ||| INVOKING Heroism.
 18207 | D:15     | 18207 ||| Stepping ~*~*~tactically~*~*~ (stealth).
 18238 | D:15     | 18238 ||| Stepping ~*~*~tactically~*~*~ (hiding).
 18246 | D:15     | 18246 ||| INVOKING Heroism.
 18541 | D:15     | 18541 ||| INVOKING Heroism.
 18641 | D:15     | Found a bloodstained altar of Trog.
 18676 | D:15     | 18676 ||| Stepping ~*~*~tactically~*~*~ (hiding).
 18677 | D:15     | 18677 ||| Stepping ~*~*~tactically~*~*~ (hiding).
 18678 | D:15     | 18678 ||| Stepping ~*~*~tactically~*~*~ (hiding).
 18679 | D:15     | 18679 ||| Stepping ~*~*~tactically~*~*~ (hiding).
 18692 | D:15     | 18692 ||| Stepping ~*~*~tactically~*~*~ (stealth).
 18698 | D:15     | Reached XP level 16. HP: 101/101 MP: 23/23
 18711 | D:15     | 18711 ||| Stepping ~*~*~tactically~*~*~ (stealth).
 18718 | D:15     | 18718 ||| Stepping ~*~*~tactically~*~*~ (stealth).
 18729 | D:15     | 18729 ||| Stepping ~*~*~tactically~*~*~ (stealth).
 18730 | D:15     | Found a staircase to the Depths.
 18735 | D:15     | 18735 ||| Stepping ~*~*~tactically~*~*~ (stealth).
 18962 | D:15     | 18962 ||| PLANNING ORC
 18962 | D:15     | 18962 ||| UPGRADING to +0 tower shield.
 18972 | D:15     | 18972 ||| DROPPING +0 kite shield of cold resistance.
 19068 | Orc:1    | Entered Level 1 of the Orcish Mines
 19163 | Orc:1    | 19163 ||| INVOKING Heroism.
 19165 | Orc:1    | 19165 ||| INVOKING Finesse.
 19277 | Orc:1    | Noticed Jorgrun
 19278 | Orc:1    | 19278 ||| INVOKING Heroism.
 19279 | Orc:1    | 19279 ||| INVOKING Finesse.
 19286 | Orc:1    | Killed Jorgrun
 19286 | Orc:1    | Received a gift from Okawaru
 19457 | Orc:2    | Entered Level 2 of the Orcish Mines
 19547 | Orc:2    | Found a staircase to the Elven Halls.
 19554 | Orc:2    | 19554 ||| Stepping ~*~*~tactically~*~*~ (stealth).
 19570 | Orc:2    | 19570 ||| Stepping ~*~*~tactically~*~*~ (stealth).
 19601 | Orc:2    | Found Oliunew's Antique Armour Boutique.
 19615 | Orc:2    | 19615 ||| BUYING glowing plate armour (728 gold).
 19615 | Orc:2    | Bought a glowing plate armour for 728 gold pieces
 19716 | Orc:2    | 19716 ||| Stepping ~*~*~tactically~*~*~ (hiding).
 19718 | Orc:2    | 19718 ||| Stepping ~*~*~tactically~*~*~ (hiding).
 19792 | Orc:2    | 19792 ||| Stepping ~*~*~tactically~*~*~ (hiding).
 19827 | Orc:2    | Found a radiant altar of Vehumet.
 19828 | Orc:2    | 19828 ||| Stepping ~*~*~tactically~*~*~ (hiding).
 19831 | Orc:2    | 19831 ||| INVOKING Heroism.
 19877 | Orc:2    | 19877 ||| Stepping ~*~*~tactically~*~*~ (hiding).
 19878 | Orc:2    | 19878 ||| Stepping ~*~*~tactically~*~*~ (hiding).
 19928 | Orc:2    | 19928 ||| INVOKING Heroism.
 19933 | Orc:2    | Found Vigeynnu's Antique Weapon Emporium.
 19933 | Orc:2    | Found Suecofyddo's Distillery.
 19958 | Orc:2    | Found Plog's Jewellery Emporium.
 19971 | Orc:2    | 19971 ||| BUYING +4 ring of protection (432 gold).
 19971 | Orc:2    | Bought a +4 ring of protection for 432 gold pieces
 19971 | Orc:2    | 19971 ||| BUYING amulet of Qaokhiopp {Acrobat Slay+3} (595
                  | gold).
 19971 | Orc:2    | Bought the amulet of Qaokhiopp {Acrobat Slay+3} for 595
                  | gold pieces
 19971 | Orc:2    | 19971 ||| SHOPLISTING ring of New Discoveries {Ice Str+3}
                  | (459 gold, have 182).
 19979 | Orc:2    | 19979 ||| BUYING potion of curing (33 gold).
 19979 | Orc:2    | Bought a potion of curing for 33 gold pieces
 19979 | Orc:2    | 19979 ||| BUYING potion of haste (110 gold).
 19979 | Orc:2    | Bought a potion of haste for 110 gold pieces
 19979 | Orc:2    | 19979 ||| SHOPLISTING potion of heal wounds (55 gold, have
                  | 39).
 19979 | Orc:2    | 19979 ||| BUYING potion of lignification (33 gold).
 19979 | Orc:2    | Bought a potion of lignification for 33 gold pieces
 19979 | Orc:2    | 19979 ||| SHOPLISTING potion of might (44 gold, have 6).
 19979 | Orc:2    | 19979 ||| SHOPLISTING potion of mutation (88 gold, have 6).
 19991 | Orc:2    | Found an ancient bone altar of Kikubaaqudgha.
 19992 | Orc:2    | Found Paschet's Distillery.
 19998 | Orc:2    | 19998 ||| SHOPLISTING 2 potions of lignification (60 gold,
                  | have 6).
 19998 | Orc:2    | 19998 ||| SHOPLISTING potion of curing (30 gold, have 6).
 19998 | Orc:2    | 19998 ||| SHOPLISTING potion of haste (100 gold, have 6).
 19998 | Orc:2    | 19998 ||| SHOPLISTING potion of heal wounds (50 gold, have
                  | 6).
 19998 | Orc:2    | 19998 ||| SHOPLISTING potion of lignification (30 gold,
                  | have 6).
 20010 | Orc:2    | 20010 ||| INVOKING Heroism.
 20295 | Orc:2    | 20295 ||| PLANNING SPIDER:1-3
 20502 | Spider:1 | Entered Level 1 of the Spider Nest
 20553 | Spider:1 | 20553 ||| Stepping ~*~*~tactically~*~*~ (stealth).
 20588 | Spider:1 | Reached skill level 15 in Shields
 20717 | Spider:1 | Noticed Rupert
 20718 | Spider:1 | 20718 ||| INVOKING Heroism.
 20719 | Spider:1 | 20719 ||| Stepping ~*~*~tactically~*~*~ (stealth).
 20722 | Spider:1 | 20722 ||| INVOKING Finesse.
 20733 | Spider:1 | Killed Rupert
 20742 | Spider:1 | 20742 ||| Stepping ~*~*~tactically~*~*~ (stealth).
 20746 | Spider:1 | 20746 ||| Stepping ~*~*~tactically~*~*~ (stealth).
 20750 | Spider:1 | 20750 ||| Stepping ~*~*~tactically~*~*~ (stealth).
 20753 | Spider:1 | 20753 ||| INVOKING Heroism.
 20769 | Spider:1 | 20769 ||| INVOKING Finesse.
 20816 | Spider:1 | 20816 ||| Stepping ~*~*~tactically~*~*~ (stealth).
 20841 | Spider:1 | 20841 ||| Stepping ~*~*~tactically~*~*~ (stealth).
 20843 | Spider:1 | 20843 ||| Stepping ~*~*~tactically~*~*~ (hiding).
 20913 | Spider:1 | 20913 ||| Stepping ~*~*~tactically~*~*~ (stealth).
 20915 | Spider:1 | 20915 ||| Stepping ~*~*~tactically~*~*~ (stealth).
 20918 | Spider:1 | Received a gift from Okawaru
 20933 | Spider:1 | 20933 ||| INVOKING Finesse.
 21105 | Spider:1 | 21105 ||| Stepping ~*~*~tactically~*~*~ (stealth).
 21107 | Spider:1 | 21107 ||| Stepping ~*~*~tactically~*~*~ (stealth).
 21256 | Spider:1 | 21256 ||| DRINKING 10 potions of curing.
 21256 | Spider:1 | 21256 ||| (to cure confusion)
 21284 | Spider:1 | 21284 ||| READING scroll of enchant weapon.
 21284 | Spider:1 | 21284 ||| ENCHANTING +7 broad axe of venom.
 21479 | Spider:2 | 21479 ||| INVOKING Finesse.
 21497 | Spider:2 | Received a gift from Okawaru
 21498 | Spider:2 | 21498 ||| FLEEEEING.
 21499 | Spider:2 | 21499 ||| FLEEEEING.
 21500 | Spider:2 | 21500 ||| FLEEEEING.
 21501 | Spider:2 | 21501 ||| FLEEEEING.
 21502 | Spider:2 | 21502 ||| FLEEEEING.
 21503 | Spider:2 | 21503 ||| FLEEEEING.
 21504 | Spider:2 | 21504 ||| FLEEEEING.
 21505 | Spider:2 | 21505 ||| STAIRDANCE
 21660 | Spider:2 | 21660 ||| Stepping ~*~*~tactically~*~*~ (stealth).
 21676 | Spider:2 | 21676 ||| INVOKING Finesse.
 21692 | Spider:2 | 21692 ||| INVOKING Heroism.
 21729 | Spider:2 | 21729 ||| Stepping ~*~*~tactically~*~*~ (stealth).
 21730 | Spider:2 | 21730 ||| Stepping ~*~*~tactically~*~*~ (stealth).
 21732 | Spider:2 | 21732 ||| Stepping ~*~*~tactically~*~*~ (stealth).
 21733 | Spider:2 | 21733 ||| Stepping ~*~*~tactically~*~*~ (stealth).
 21734 | Spider:2 | 21734 ||| Stepping ~*~*~tactically~*~*~ (stealth).
 21735 | Spider:2 | 21735 ||| Stepping ~*~*~tactically~*~*~ (stealth).
 21737 | Spider:2 | 21737 ||| Stepping ~*~*~tactically~*~*~ (stealth).
 21756 | Spider:2 | 21756 ||| Stepping ~*~*~tactically~*~*~ (stealth).
 21758 | Spider:2 | 21758 ||| Stepping ~*~*~tactically~*~*~ (stealth).
 21759 | Spider:2 | 21759 ||| Stepping ~*~*~tactically~*~*~ (hiding).
 21761 | Spider:2 | 21761 ||| INVOKING Finesse.
 21794 | Spider:2 | Found a runed translucent door.
 21905 | Spider:2 | 21905 ||| Stepping ~*~*~tactically~*~*~ (stealth).
 21908 | Spider:2 | Received a gift from Okawaru
 22103 | Spider:3 | Noticed Nikola
 22104 | Spider:3 | 22104 ||| STAIRDANCE
 22250 | Spider:3 | 22250 ||| STAIRDANCE
 22252 | Spider:2 | 22252 ||| INVOKING Heroism.
 22337 | Spider:3 | 22337 ||| STAIRDANCE
 22339 | Spider:2 | 22339 ||| INVOKING Heroism.
 22346 | Spider:2 | Identified the +13 crystal plate armour of Marbles {Rampage
                  | rC++ Dex+3 Slay-6} (Okawaru gifted it to you on level 2 of
                  | the Spider Nest)
 22346 | Spider:2 | Received a gift from Okawaru
 22441 | Spider:2 | 22441 ||| DROPPING +0 plate armour of fire resistance.
 22442 | Spider:2 | 22442 ||| DROPPING +3 robe of the Game of Kings {rCorr}.
 22443 | Spider:2 | 22443 ||| DROPPING +2 plate armour of poison resistance.
 22444 | Spider:2 | 22444 ||| UPGRADING to +13 crystal plate armour of Marbles
                  | {Rampage rC++ Dex+3 Slay-6}.
 22454 | Spider:2 | 22454 ||| DROPPING +1 plate armour of the Mackerel {Will+}.
 22478 | Spider:3 | 22478 ||| STAIRDANCE
 22484 | Spider:2 | 22484 ||| INVOKING Heroism.
 22486 | Spider:2 | Reached XP level 17. HP: 66/106 MP: 21/24
 22582 | Spider:3 | 22582 ||| STAIRDANCE
 22585 | Spider:2 | 22585 ||| DRINKING 10 potions of curing.
 22585 | Spider:2 | 22585 ||| (to cure confusion)
 22589 | Spider:2 | 22589 ||| INVOKING Heroism.
 22682 | Spider:3 | 22682 ||| INVOKING Heroism.
 22683 | Spider:3 | 22683 ||| INVOKING Finesse.
 22695 | Spider:3 | Killed Nikola
 22696 | Spider:3 | Reached skill level 13 in Armour
 22700 | Spider:3 | HP: 25/106 [meliai/divine providence (10)]
 22701 | Spider:3 | 22701 ||| READING 20 scrolls of teleportation.
 22701 | Spider:3 | HP: 4/106 [meliai/divine providence (12)]
 22702 | Spider:3 | 22702 ||| DRINKING 3 potions of heal wounds.
 22703 | Spider:3 | 22703 ||| DRINKING 2 potions of heal wounds.
 22714 | Spider:3 | 22714 ||| Stepping ~*~*~tactically~*~*~ (stealth).
 22715 | Spider:3 | 22715 ||| Stepping ~*~*~tactically~*~*~ (stealth).
 22725 | Spider:3 | 22725 ||| Stepping ~*~*~tactically~*~*~ (stealth).
 22727 | Spider:3 | 22727 ||| Stepping ~*~*~tactically~*~*~ (stealth).
 22744 | Spider:3 | 22744 ||| Stepping ~*~*~tactically~*~*~ (stealth).
 22745 | Spider:3 | 22745 ||| Stepping ~*~*~tactically~*~*~ (stealth).
 22754 | Spider:3 | 22754 ||| Stepping ~*~*~tactically~*~*~ (stealth).
 22758 | Spider:3 | 22758 ||| Stepping ~*~*~tactically~*~*~ (stealth).
 22759 | Spider:3 | 22759 ||| Stepping ~*~*~tactically~*~*~ (stealth).
 22792 | Spider:3 | 22792 ||| Stepping ~*~*~tactically~*~*~ (stealth).
 23031 | Spider:3 | 23031 ||| PLANNING SHOALS:1-3
 23031 | Spider:3 | 23031 ||| DROPPING +1 helmet.
 23149 | Shoals:1 | Entered Level 1 of the Shoals
 23151 | Shoals:1 | 23151 ||| INVOKING Heroism.
 23164 | Shoals:1 | 23164 ||| INVOKING Heroism.
 23223 | Shoals:1 | 23223 ||| Stepping ~*~*~tactically~*~*~ (hiding).
 23250 | Shoals:1 | 23250 ||| READING scroll of enchant weapon.
 23250 | Shoals:1 | 23250 ||| ENCHANTING +8 broad axe of venom.
 23383 | Shoals:1 | Reached skill level 14 in Armour
 23674 | Shoals:1 | 23674 ||| INVOKING Heroism.
 23873 | Shoals:1 | Noticed a kraken
 23874 | Shoals:1 | 23874 ||| DROPPING ring of positive energy.
 23882 | Shoals:1 | Killed a kraken
 24068 | Shoals:1 | 24068 ||| READING 19 scrolls of identify.
 24068 | Shoals:1 | 24068 ||| IDENTIFYING silvery potion
 24091 | Shoals:2 | Noticed Donald
 24092 | Shoals:2 | 24092 ||| INVOKING Heroism.
 24108 | Shoals:2 | Killed Donald
 24151 | Shoals:2 | Reached skill level 15 in Armour
 24168 | Shoals:2 | 24168 ||| Stepping ~*~*~tactically~*~*~ (hiding).
 24232 | Shoals:2 | 24232 ||| INVOKING Heroism.
 24278 | Shoals:2 | Noticed Ilsuiw
 24288 | Shoals:2 | 24288 ||| INVOKING Heroism.
 24311 | Shoals:2 | 24311 ||| INVOKING Heroism.
 24341 | Shoals:2 | Killed Ilsuiw
 24641 | Shoals:2 | Noticed Polyphemus
 24642 | Shoals:2 | 24642 ||| INVOKING Heroism.
 24660 | Shoals:2 | 24660 ||| INVOKING Finesse.
 24671 | Shoals:2 | Killed Polyphemus
 24730 | Shoals:2 | 24730 ||| INVOKING Heroism.
 24741 | Shoals:2 | Found Xifuupt's Weapon Boutique.
 25132 | Shoals:3 | Noticed a kraken
 25143 | Shoals:3 | Killed a kraken
 25189 | Shoals:3 | Reached skill level 16 in Armour
 25190 | Shoals:3 | Found Fielyirphi's Assorted Antiques.
 25218 | Shoals:3 | 25218 ||| BUYING potion of mutation (312 gold).
 25218 | Shoals:3 | Bought a potion of mutation for 312 gold pieces
 25218 | Shoals:3 | Found Diradiw's Armour Boutique.
 25219 | Shoals:3 | 25219 ||| INVOKING Heroism.
 25220 | Shoals:3 | 25220 ||| INVOKING Finesse.
 25238 | Shoals:3 | Received a gift from Okawaru
 25274 | Shoals:3 | 25274 ||| INVOKING Heroism.
 25368 | Shoals:3 | Identified the +4 arbalest "Vosuagh" {antimagic, rC+ Will+
                  | Str-3 Int+3}
 25382 | Shoals:3 | Found Losuzovi's Jewellery Emporium.
 25385 | Shoals:3 | 25385 ||| SHOPLISTING ring "Nioges" {rN+ Dex+6 SInv} (771
                  | gold, have 222).
 25385 | Shoals:3 | 25385 ||| SHOPLISTING ring of protection from cold (375
                  | gold, have 222).
 25572 | Shoals:3 | Found Aclug's Distillery.
 25757 | Shoals:3 | Reached XP level 18. HP: 114/114 MP: 25/25
 25757 | Shoals:3 | 25757 ||| DROPPING +0 war axe of flaming.
 25773 | Shoals:3 | 25773 ||| INVOKING Heroism.
 25784 | Shoals:3 | Reached skill level 6 in Throwing
 26051 | Shoals:4 | Entered Level 4 of the Shoals
 26072 | Shoals:4 | 26072 ||| Stepping ~*~*~tactically~*~*~ (hiding).
 26075 | Shoals:4 | 26075 ||| INVOKING Heroism.
 26075 | Shoals:4 | Paralysed by an air elemental for 1 turns
 26083 | Shoals:4 | 26083 ||| Stepping ~*~*~tactically~*~*~ (hiding).
 26085 | Shoals:4 | 26085 ||| Stepping ~*~*~tactically~*~*~ (hiding).
 26086 | Shoals:4 | 26086 ||| Stepping ~*~*~tactically~*~*~ (hiding).
 26087 | Shoals:4 | 26087 ||| Stepping ~*~*~tactically~*~*~ (hiding).
 26204 | Shoals:4 | Paralysed by an air elemental for 1 turns
 26209 | Shoals:4 | Paralysed by an air elemental for 1 turns
 26237 | Shoals:4 | 26237 ||| Stepping ~*~*~tactically~*~*~ (hiding).
 26238 | Shoals:4 | 26238 ||| Stepping ~*~*~tactically~*~*~ (stealth).
 26239 | Shoals:4 | 26239 ||| Stepping ~*~*~tactically~*~*~ (hiding).
 26240 | Shoals:4 | 26240 ||| Stepping ~*~*~tactically~*~*~ (hiding).
 26299 | Shoals:4 | 26299 ||| Stepping ~*~*~tactically~*~*~ (hiding).
 26300 | Shoals:4 | 26300 ||| Stepping ~*~*~tactically~*~*~ (hiding).
 26301 | Shoals:4 | 26301 ||| Stepping ~*~*~tactically~*~*~ (hiding).
 26318 | Shoals:4 | 26318 ||| INVOKING Heroism.
 26335 | Shoals:4 | Received a gift from Okawaru
 26354 | Shoals:4 | 26354 ||| Stepping ~*~*~tactically~*~*~ (stealth).
 26355 | Shoals:4 | 26355 ||| Stepping ~*~*~tactically~*~*~ (stealth).
 26356 | Shoals:4 | 26356 ||| Stepping ~*~*~tactically~*~*~ (hiding).
 26357 | Shoals:4 | 26357 ||| Stepping ~*~*~tactically~*~*~ (stealth).
 26360 | Shoals:4 | 26360 ||| Stepping ~*~*~tactically~*~*~ (hiding).
 26369 | Shoals:4 | 26369 ||| FLEEEEING.
 26370 | Shoals:4 | 26370 ||| FLEEEEING.
 26371 | Shoals:4 | 26371 ||| INVOKING Heroism.
 26373 | Shoals:4 | 26373 ||| INVOKING Finesse.
 26418 | Shoals:4 | 26418 ||| Stepping ~*~*~tactically~*~*~ (hiding).
 26464 | Shoals:4 | 26464 ||| INVOKING Heroism.
 26478 | Shoals:4 | Noticed Aizul
 26479 | Shoals:4 | 26479 ||| Stepping ~*~*~tactically~*~*~ (stealth).
 26480 | Shoals:4 | 26480 ||| Stepping ~*~*~tactically~*~*~ (stealth).
 26509 | Shoals:4 | 26509 ||| Stepping ~*~*~tactically~*~*~ (stealth).
 26512 | Shoals:4 | 26512 ||| Stepping ~*~*~tactically~*~*~ (hiding).
 26518 | Shoals:4 | 26518 ||| INVOKING Heroism.
 26551 | Shoals:4 | Killed Aizul
 26565 | Shoals:4 | 26565 ||| FLEEEEING.
 26566 | Shoals:4 | 26566 ||| FLEEEEING.
 26567 | Shoals:4 | 26567 ||| FLEEEEING.
 26568 | Shoals:4 | 26568 ||| FLEEEEING.
 26594 | Shoals:4 | Got a barnacled rune of Zot
 26636 | Shoals:4 | 26636 ||| Stepping ~*~*~tactically~*~*~ (stealth).
 26637 | Shoals:4 | 26637 ||| Stepping ~*~*~tactically~*~*~ (stealth).
 26644 | Shoals:4 | 26644 ||| Stepping ~*~*~tactically~*~*~ (stealth).
 26645 | Shoals:4 | 26645 ||| Stepping ~*~*~tactically~*~*~ (stealth).
 26647 | Shoals:4 | 26647 ||| Stepping ~*~*~tactically~*~*~ (stealth).
 26654 | Shoals:4 | 26654 ||| Stepping ~*~*~tactically~*~*~ (hiding).
 26672 | Shoals:4 | 26672 ||| INVOKING Heroism.
 26686 | Shoals:4 | Received a gift from Okawaru
 26770 | Shoals:4 | Paralysed by an air elemental for 1 turns
 26776 | Shoals:4 | Paralysed by an air elemental for 1 turns
 26787 | Shoals:4 | 26787 ||| INVOKING Heroism.
 26821 | Shoals:4 | Reached skill level 18 in Axes
 26828 | Shoals:4 | 26828 ||| INVOKING Heroism.
 26858 | Shoals:4 | Found a burning altar of Makhleb.
 26890 | Shoals:4 | 26890 ||| INVOKING Heroism.
 26930 | Shoals:4 | Paralysed by an air elemental for 1 turns
 26934 | Shoals:4 | Paralysed by an air elemental for 1 turns
 26953 | Shoals:4 | 26953 ||| FLEEEEING.
 26954 | Shoals:4 | 26954 ||| FLEEEEING.
 26999 | Shoals:4 | 26999 ||| Stepping ~*~*~tactically~*~*~ (stealth).
 27013 | Shoals:4 | 27013 ||| Stepping ~*~*~tactically~*~*~ (hiding).
 27014 | Shoals:4 | 27014 ||| INVOKING Heroism.
 27078 | Shoals:3 | 27078 ||| BUYING 2 potions of haste (240 gold).
 27078 | Shoals:3 | Bought 2 potions of haste for 240 gold pieces
 27078 | Shoals:3 | 27078 ||| SHOPLISTING 2 potions of heal wounds (120 gold,
                  | have 88).
 27078 | Shoals:3 | 27078 ||| BUYING potion of attraction (36 gold).
 27078 | Shoals:3 | Bought a potion of attraction for 36 gold pieces
 27078 | Shoals:3 | 27078 ||| BUYING potion of curing (36 gold).
 27078 | Shoals:3 | Bought a potion of curing for 36 gold pieces
 27078 | Shoals:3 | 27078 ||| SHOPLISTING potion of curing (36 gold, have 16).
 27078 | Shoals:3 | 27078 ||| SHOPLISTING potion of heal wounds (60 gold, have
                  | 16).
 27078 | Shoals:3 | 27078 ||| SHOPLISTING potion of mutation (96 gold, have
                  | 16).
 27078 | Shoals:3 | 27078 ||| PLANNING SPIDER:4
 27260 | Spider:4 | Entered Level 4 of the Spider Nest
 27268 | Spider:4 | 27268 ||| STAIRDANCE
 27413 | Spider:4 | 27413 ||| INVOKING Heroism.
 27420 | Spider:4 | 27420 ||| STAIRDANCE
 27534 | Spider:4 | 27534 ||| STAIRDANCE
 27536 | Spider:3 | 27536 ||| INVOKING Heroism.
 27609 | Spider:4 | 27609 ||| INVOKING Heroism.
 27645 | Spider:4 | 27645 ||| READING scroll of enchant armour.
 27645 | Spider:4 | 27645 ||| ENCHANTING +1 pair of gloves.
 27701 | Spider:4 | Noticed Asterion
 27711 | Spider:4 | Received a gift from Okawaru
 27716 | Spider:4 | 27716 ||| INVOKING Heroism.
 27717 | Spider:4 | Noticed Arachne
 27719 | Spider:4 | Reached skill level 17 in Armour
 27723 | Spider:4 | HP: 17/114 [Asterion/+4 spectral demon whip (17)]
 27724 | Spider:4 | 27724 ||| READING 23 scrolls of teleportation.
 27724 | Spider:4 | HP: 6/114 [+4 spectral demon whip[Asterion] (12)]
 27725 | Spider:4 | 27725 ||| DRINKING potion of heal wounds.
 27822 | Spider:4 | Received a gift from Okawaru
 27974 | Spider:4 | Got a gossamer rune of Zot
 28032 | Spider:4 | 28032 ||| Stepping ~*~*~tactically~*~*~ (hiding).
 28035 | Spider:4 | 28035 ||| INVOKING Finesse.
 28048 | Spider:4 | 28048 ||| DROPPING +2 hat of stealth.
 28059 | Spider:4 | 28059 ||| DROPPING +2 hat of willpower.
 28102 | Spider:4 | 28102 ||| Stepping ~*~*~tactically~*~*~ (hiding).
 28119 | Spider:4 | 28119 ||| DROPPING +1 hat.
 28135 | Spider:4 | 28135 ||| INVOKING Heroism.
 28151 | Spider:4 | Killed Arachne
 28152 | Spider:4 | Reached XP level 19. HP: 74/120 MP: 26/26
 28267 | Spider:4 | 28267 ||| INVOKING Heroism.
 28405 | Spider:4 | 28405 ||| INVOKING Heroism.
 28450 | Spider:4 | 28450 ||| Stepping ~*~*~tactically~*~*~ (hiding).
 28458 | Spider:4 | 28458 ||| INVOKING Heroism.
 28467 | Spider:4 | Killed Asterion
 28643 | Spider:4 | 28643 ||| PLANNING VAULTS:1-4
 28945 | Vaults:1 | Entered Level 1 of the Vaults
 28985 | Vaults:1 | Reached skill level 18 in Shields
 29304 | Vaults:1 | 29304 ||| FLEEEEING.
 29305 | Vaults:1 | 29305 ||| FLEEEEING.
 29306 | Vaults:1 | 29306 ||| FLEEEEING.
 29312 | Vaults:1 | 29312 ||| FLEEEEING.
 29313 | Vaults:1 | 29313 ||| FLEEEEING.
 29314 | Vaults:1 | 29314 ||| FLEEEEING.
 29366 | Vaults:1 | Received a gift from Okawaru
 29538 | Vaults:1 | Reached skill level 18 in Armour
 29548 | Vaults:1 | Reached ****** piety under Okawaru
 29554 | Vaults:1 | Received a gift from Okawaru
 29564 | Vaults:1 | 29564 ||| INVOKING Heroism.
 29569 | Vaults:1 | Received a gift from Okawaru
 29588 | Vaults:1 | 29588 ||| INVOKING Heroism.
 29634 | Vaults:1 | Reached skill level 15 in Fighting
 29665 | Vaults:1 | 29665 ||| FLEEEEING.
 29666 | Vaults:1 | 29666 ||| FLEEEEING.
 29667 | Vaults:1 | 29667 ||| FLEEEEING.
 29668 | Vaults:1 | 29668 ||| FLEEEEING.
 29669 | Vaults:1 | 29669 ||| FLEEEEING.
 29670 | Vaults:1 | 29670 ||| FLEEEEING.
 29671 | Vaults:1 | 29671 ||| FLEEEEING.
 29672 | Vaults:1 | 29672 ||| FLEEEEING.
 29673 | Vaults:1 | 29673 ||| FLEEEEING.
 29678 | Vaults:1 | 29678 ||| FLEEEEING.
 29679 | Vaults:1 | 29679 ||| FLEEEEING.
 29680 | Vaults:1 | 29680 ||| FLEEEEING.
 29681 | Vaults:1 | 29681 ||| FLEEEEING.
 29819 | Vaults:1 | 29819 ||| Stepping ~*~*~tactically~*~*~ (hiding).
 29838 | Vaults:1 | 29838 ||| Stepping ~*~*~tactically~*~*~ (hiding).
 29863 | Vaults:1 | 29863 ||| Stepping ~*~*~tactically~*~*~ (hiding).
 29932 | Vaults:1 | 29932 ||| Stepping ~*~*~tactically~*~*~ (stealth).
 29943 | Vaults:1 | 29943 ||| INVOKING Heroism.
 30241 | Vaults:1 | 30241 ||| Stepping ~*~*~tactically~*~*~ (hiding).
 30555 | Vaults:1 | 30555 ||| Stepping ~*~*~tactically~*~*~ (hiding).
 30702 | Vaults:1 | 30702 ||| INVOKING Finesse.
 30735 | Vaults:1 | 30735 ||| Stepping ~*~*~tactically~*~*~ (stealth).
 30736 | Vaults:1 | 30736 ||| FLEEEEING.
 30737 | Vaults:1 | 30737 ||| FLEEEEING.
 30738 | Vaults:1 | 30738 ||| FLEEEEING.
 30898 | Vaults:1 | Reached skill level 9 in Throwing
 30940 | Vaults:1 | 30940 ||| DROPPING +1 cloak of stealth.
 30941 | Vaults:1 | 30941 ||| DROPPING +6 ring of strength.
 30998 | Vaults:2 | 30998 ||| PLANNING BAZAAR
 31012 | Vaults:2 | Received a gift from Okawaru
 31013 | Vaults:2 | Reached XP level 20. HP: 126/129 MP: 27/27
 31063 | Vaults:2 | 31063 ||| FLEEEEING.
 31065 | Vaults:2 | 31065 ||| FLEEEEING.
 31067 | Vaults:2 | 31067 ||| FLEEEEING.
 31069 | Vaults:2 | 31069 ||| FLEEEEING.
 31071 | Vaults:2 | 31071 ||| FLEEEEING.
 31073 | Vaults:2 | 31073 ||| FLEEEEING.
 31075 | Vaults:2 | 31075 ||| FLEEEEING.
 31077 | Vaults:2 | 31077 ||| FLEEEEING.
 31079 | Vaults:2 | 31079 ||| FLEEEEING.
 31081 | Vaults:2 | 31081 ||| FLEEEEING.
 31105 | Vaults:2 | Noticed Bai Suzhen
 31106 | Vaults:2 | 31106 ||| FLEEEEING.
 31107 | Vaults:2 | 31107 ||| FLEEEEING.
 31108 | Vaults:2 | 31108 ||| FLEEEEING.
 31109 | Vaults:2 | 31109 ||| FLEEEEING.
 31127 | Vaults:2 | Killed Bai Suzhen
 31352 | Vaults:2 | Found a flickering gateway to a bazaar.
 31361 | Bazaar   | Entered a bazaar
 31367 | Bazaar   | Found Codditil's Jewellery Shop.
 31367 | Bazaar   | Found Cisaoc's Book Boutique.
 31375 | Bazaar   | 31375 ||| BUYING ring of protection from fire (300 gold).
 31375 | Bazaar   | Bought a ring of protection from fire for 300 gold pieces
 31378 | Bazaar   | 31378 ||| DROPPING ring of fire.
 31387 | Vaults:2 | 31387 ||| PLANNING VAULTS:1-4
 31400 | Vaults:2 | 31400 ||| Stepping ~*~*~tactically~*~*~ (stealth).
 31401 | Vaults:2 | 31401 ||| Stepping ~*~*~tactically~*~*~ (stealth).
 31404 | Vaults:2 | 31404 ||| Stepping ~*~*~tactically~*~*~ (stealth).
 31427 | Vaults:2 | Reached skill level 19 in Armour
 31477 | Vaults:2 | 31477 ||| Stepping ~*~*~tactically~*~*~ (hiding).
 31499 | Vaults:2 | 31499 ||| FLEEEEING.
 31501 | Vaults:2 | 31501 ||| FLEEEEING.
 31502 | Vaults:2 | 31502 ||| INVOKING Heroism.
 31655 | Vaults:2 | Noticed Frederick
 31655 | Vaults:2 | 31655 ||| INVOKING Heroism.
 31656 | Vaults:2 | 31656 ||| INVOKING Finesse.
 31664 | Vaults:2 | Identified the +0 scale mail of the King of the Hill {rF+}
                  | (Okawaru gifted it to you on level 2 of the Vaults)
 31664 | Vaults:2 | Received a gift from Okawaru
 31685 | Vaults:2 | 31685 ||| INVOKING Heroism.
 31705 | Vaults:2 | Killed Frederick
 31812 | Vaults:2 | 31812 ||| FLEEEEING.
 31813 | Vaults:2 | 31813 ||| FLEEEEING.
 31814 | Vaults:2 | 31814 ||| FLEEEEING.
 31815 | Vaults:2 | 31815 ||| FLEEEEING.
 31816 | Vaults:2 | 31816 ||| FLEEEEING.
 31817 | Vaults:2 | 31817 ||| FLEEEEING.
 31818 | Vaults:2 | 31818 ||| FLEEEEING.
 31819 | Vaults:2 | 31819 ||| FLEEEEING.
 31820 | Vaults:2 | 31820 ||| FLEEEEING.
 31821 | Vaults:2 | 31821 ||| FLEEEEING.
 31822 | Vaults:2 | 31822 ||| FLEEEEING.
 31823 | Vaults:2 | 31823 ||| FLEEEEING.
 31824 | Vaults:2 | 31824 ||| FLEEEEING.
 31825 | Vaults:2 | 31825 ||| FLEEEEING.
 31826 | Vaults:2 | 31826 ||| FLEEEEING.
 31827 | Vaults:2 | 31827 ||| FLEEEEING.
 31833 | Vaults:2 | 31833 ||| FLEEEEING.
 31834 | Vaults:2 | 31834 ||| FLEEEEING.
 31835 | Vaults:2 | 31835 ||| FLEEEEING.
 31836 | Vaults:2 | 31836 ||| FLEEEEING.
 31837 | Vaults:2 | 31837 ||| FLEEEEING.
 31838 | Vaults:2 | 31838 ||| FLEEEEING.
 31839 | Vaults:2 | 31839 ||| FLEEEEING.
 31840 | Vaults:2 | 31840 ||| FLEEEEING.
 31841 | Vaults:2 | 31841 ||| FLEEEEING.
 31842 | Vaults:2 | 31842 ||| FLEEEEING.
 31853 | Vaults:2 | 31853 ||| FLEEEEING.
 31854 | Vaults:2 | 31854 ||| FLEEEEING.
 31855 | Vaults:2 | 31855 ||| FLEEEEING.
 31856 | Vaults:2 | 31856 ||| FLEEEEING.
 31857 | Vaults:2 | 31857 ||| FLEEEEING.
 31858 | Vaults:2 | 31858 ||| FLEEEEING.
 31859 | Vaults:2 | 31859 ||| FLEEEEING.
 31860 | Vaults:2 | 31860 ||| FLEEEEING.
 31861 | Vaults:2 | 31861 ||| FLEEEEING.
 31873 | Vaults:2 | 31873 ||| FLEEEEING.
 31874 | Vaults:2 | 31874 ||| STAIRDANCE
 31976 | Vaults:1 | 31976 ||| DROPPING +1 pair of boots.
 32389 | Vaults:2 | 32389 ||| Stepping ~*~*~tactically~*~*~ (hiding).
 32393 | Vaults:2 | 32393 ||| Stepping ~*~*~tactically~*~*~ (hiding).
 32705 | Vaults:2 | Identified the ring of Xexeiw {rN+ Str-3 Int+3 Stlth+}
 32742 | Vaults:2 | Identified the +1 broad axe of Annoyance {heavy, +Blink
                  | rPois rF+ rC+}
 32982 | Vaults:2 | 32982 ||| DROPPING ring of Xexeiw {rN+ Str-3 Int+3 Stlth+}.
 33091 | Vaults:3 | 33091 ||| READING scroll of brand weapon.
 33091 | Vaults:3 | 33091 ||| BRANDING +9 broad axe of venom.
 33180 | Vaults:3 | 33180 ||| Stepping ~*~*~tactically~*~*~ (stealth).
 33293 | Vaults:3 | 33293 ||| FLEEEEING.
 33294 | Vaults:3 | 33294 ||| FLEEEEING.
 33295 | Vaults:3 | 33295 ||| FLEEEEING.
 33296 | Vaults:3 | 33296 ||| FLEEEEING.
 33297 | Vaults:3 | 33297 ||| FLEEEEING.
 33298 | Vaults:3 | 33298 ||| FLEEEEING.
 33299 | Vaults:3 | 33299 ||| FLEEEEING.
 33300 | Vaults:3 | 33300 ||| FLEEEEING.
 33301 | Vaults:3 | 33301 ||| FLEEEEING.
 33302 | Vaults:3 | 33302 ||| FLEEEEING.
 33303 | Vaults:3 | 33303 ||| FLEEEEING.
 33304 | Vaults:3 | 33304 ||| FLEEEEING.
 33305 | Vaults:3 | 33305 ||| FLEEEEING.
 33306 | Vaults:3 | 33306 ||| FLEEEEING.
 33307 | Vaults:3 | 33307 ||| FLEEEEING.
 33308 | Vaults:3 | 33308 ||| FLEEEEING.
 33309 | Vaults:3 | 33309 ||| FLEEEEING.
 33310 | Vaults:3 | 33310 ||| FLEEEEING.
 33311 | Vaults:3 | 33311 ||| FLEEEEING.
 33312 | Vaults:3 | 33312 ||| FLEEEEING.
 33314 | Vaults:3 | 33314 ||| FLEEEEING.
 33315 | Vaults:3 | 33315 ||| FLEEEEING.
 33316 | Vaults:3 | 33316 ||| FLEEEEING.
 33317 | Vaults:3 | 33317 ||| FLEEEEING.
 33318 | Vaults:3 | 33318 ||| FLEEEEING.
 33319 | Vaults:3 | 33319 ||| FLEEEEING.
 33320 | Vaults:3 | 33320 ||| FLEEEEING.
 33321 | Vaults:3 | 33321 ||| FLEEEEING.
 33322 | Vaults:3 | 33322 ||| FLEEEEING.
 33323 | Vaults:3 | 33323 ||| FLEEEEING.
 33325 | Vaults:3 | 33325 ||| FLEEEEING.
 33326 | Vaults:3 | 33326 ||| FLEEEEING.
 33327 | Vaults:3 | 33327 ||| FLEEEEING.
 33328 | Vaults:3 | 33328 ||| FLEEEEING.
 33329 | Vaults:3 | 33329 ||| FLEEEEING.
 33330 | Vaults:3 | 33330 ||| FLEEEEING.
 33331 | Vaults:3 | 33331 ||| FLEEEEING.
 33332 | Vaults:3 | 33332 ||| FLEEEEING.
 33333 | Vaults:3 | 33333 ||| FLEEEEING.
 33334 | Vaults:3 | 33334 ||| FLEEEEING.
 33335 | Vaults:3 | 33335 ||| FLEEEEING.
 33336 | Vaults:3 | 33336 ||| FLEEEEING.
 33358 | Vaults:3 | 33358 ||| Stepping ~*~*~tactically~*~*~ (stealth).
 33473 | Vaults:3 | 33473 ||| Stepping ~*~*~tactically~*~*~ (hiding).
 33482 | Vaults:3 | Identified the +3 quarterstaff of Annihilation {speed, rF+
                  | rC+ Int+5} (Okawaru gifted it to you on level 3 of the
                  | Vaults)
 33482 | Vaults:3 | Received a gift from Okawaru
 33554 | Vaults:3 | Found Qudde's Assorted Antiques.
 33594 | Vaults:3 | 33594 ||| BUYING potion of curing (123 gold).
 33594 | Vaults:3 | Bought a potion of curing for 123 gold pieces
 33594 | Vaults:3 | 33594 ||| BUYING potion of lignification (123 gold).
 33594 | Vaults:3 | Bought a potion of lignification for 123 gold pieces
 33594 | Vaults:3 | 33594 ||| BUYING scroll labelled SISEDI FENLYTZ (41 gold).
 33594 | Vaults:3 | Bought a scroll labelled SISEDI FENLYTZ for 41 gold pieces
 33594 | Vaults:3 | 33594 ||| BUYING scroll of teleportation (123 gold).
 33594 | Vaults:3 | Bought a scroll of teleportation for 123 gold pieces
 33594 | Vaults:3 | 33594 ||| SHOPLISTING scroll of teleportation (123 gold,
                  | have 15).
 33594 | Vaults:3 | 33594 ||| READING scroll of acquirement.
 33594 | Vaults:3 | 33594 ||| ACQUIRING 701 gold pieces
 33594 | Vaults:3 | Acquired 701 gold pieces
 33596 | Vaults:3 | 33596 ||| BUYING scroll of teleportation (123 gold).
 33596 | Vaults:3 | Bought a scroll of teleportation for 123 gold pieces
 33666 | Vaults:3 | 33666 ||| INVOKING Heroism.
 33667 | Vaults:3 | 33667 ||| INVOKING Finesse.
 33670 | Vaults:3 | Reached skill level 20 in Armour
 33908 | Vaults:3 | 33908 ||| Stepping ~*~*~tactically~*~*~ (hiding).
 33909 | Vaults:3 | 33909 ||| Stepping ~*~*~tactically~*~*~ (hiding).
 33910 | Vaults:3 | 33910 ||| Stepping ~*~*~tactically~*~*~ (hiding).
 33911 | Vaults:3 | 33911 ||| Stepping ~*~*~tactically~*~*~ (hiding).
 33951 | Vaults:3 | 33951 ||| Stepping ~*~*~tactically~*~*~ (hiding).
 33952 | Vaults:3 | 33952 ||| Stepping ~*~*~tactically~*~*~ (hiding).
 33986 | Vaults:3 | Reached XP level 21. HP: 126/138 MP: 28/28
 33991 | Vaults:3 | Identified the +1 kite shield of Gocaec {Str+6} (Okawaru
                  | gifted it to you on level 3 of the Vaults)
 33991 | Vaults:3 | Received a gift from Okawaru
 33996 | Vaults:3 | 33996 ||| FLEEEEING.
 33997 | Vaults:3 | 33997 ||| FLEEEEING.
 33998 | Vaults:3 | 33998 ||| FLEEEEING.
 33999 | Vaults:3 | 33999 ||| FLEEEEING.
 34010 | Vaults:3 | 34010 ||| FLEEEEING.
 34011 | Vaults:3 | 34011 ||| FLEEEEING.
 34017 | Vaults:3 | 34017 ||| FLEEEEING.
 34018 | Vaults:3 | 34018 ||| FLEEEEING.
 34024 | Vaults:3 | 34024 ||| FLEEEEING.
 34025 | Vaults:3 | 34025 ||| FLEEEEING.
 34103 | Vaults:3 | 34103 ||| Stepping ~*~*~tactically~*~*~ (hiding).
 34104 | Vaults:3 | 34104 ||| Stepping ~*~*~tactically~*~*~ (hiding).
 34183 | Vaults:3 | Found a staircase to the Crypt.
 34456 | Vaults:3 | 34456 ||| UPGRADING to +0 cloak of willpower.
 34482 | Vaults:3 | 34482 ||| UPGRADING to +0 cloak of willpower.
 34648 | Vaults:4 | Found a flickering gateway to a bazaar.
 34649 | Vaults:4 | 34649 ||| PLANNING BAZAAR
 34654 | Bazaar   | Entered a bazaar
 34675 | Bazaar   | Found Sameivo's Weapon Shop.
 34688 | Bazaar   | Found Zotze Yhaipu's General Store.
 34694 | Bazaar   | 34694 ||| BUYING potion of cancellation (96 gold).
 34694 | Bazaar   | Bought a potion of cancellation for 96 gold pieces
 34694 | Bazaar   | 34694 ||| BUYING potion of resistance (120 gold).
 34694 | Bazaar   | Bought a potion of resistance for 120 gold pieces
 34723 | Bazaar   | Found Kylu's Assorted Antiques.
 34723 | Bazaar   | Found Raewk's Book Boutique.
 34729 | Bazaar   | 34729 ||| BUYING potion of curing (99 gold).
 34729 | Bazaar   | Bought a potion of curing for 99 gold pieces
 34729 | Bazaar   | 34729 ||| BUYING potion of haste (330 gold).
 34729 | Bazaar   | Bought a potion of haste for 330 gold pieces
 34750 | Vaults:4 | 34750 ||| PLANNING VAULTS:1-4
 34750 | Vaults:4 | 34750 ||| Stepping ~*~*~tactically~*~*~ (hiding).
 34751 | Vaults:4 | 34751 ||| Stepping ~*~*~tactically~*~*~ (hiding).
 34779 | Vaults:4 | Noticed Zenata
 34780 | Vaults:4 | 34780 ||| INVOKING Heroism.
 34781 | Vaults:4 | 34781 ||| INVOKING Finesse.
 34799 | Vaults:4 | Killed Zenata
 34843 | Vaults:4 | 34843 ||| FLEEEEING.
 34846 | Vaults:4 | 34846 ||| FLEEEEING.
 34847 | Vaults:4 | 34847 ||| FLEEEEING.
 34848 | Vaults:4 | 34848 ||| FLEEEEING.
 34849 | Vaults:4 | 34849 ||| FLEEEEING.
 34850 | Vaults:4 | 34850 ||| FLEEEEING.
 34851 | Vaults:4 | 34851 ||| FLEEEEING.
 34852 | Vaults:4 | 34852 ||| FLEEEEING.
 34856 | Vaults:4 | 34856 ||| FLEEEEING.
 34858 | Vaults:4 | 34858 ||| STAIRDANCE
 35224 | Vaults:4 | 35224 ||| Stepping ~*~*~tactically~*~*~ (hiding).
 35281 | Vaults:4 | 35281 ||| INVOKING Heroism.
 35350 | Vaults:4 | 35350 ||| Stepping ~*~*~tactically~*~*~ (hiding).
 35351 | Vaults:4 | 35351 ||| Stepping ~*~*~tactically~*~*~ (hiding).
 35376 | Vaults:4 | Received a gift from Okawaru
 35395 | Vaults:4 | 35395 ||| Stepping ~*~*~tactically~*~*~ (hiding).
 35396 | Vaults:4 | 35396 ||| Stepping ~*~*~tactically~*~*~ (hiding).
 35397 | Vaults:4 | 35397 ||| Stepping ~*~*~tactically~*~*~ (hiding).
 35491 | Vaults:4 | 35491 ||| Stepping ~*~*~tactically~*~*~ (hiding).
 35493 | Vaults:4 | 35493 ||| Stepping ~*~*~tactically~*~*~ (hiding).
 35496 | Vaults:4 | 35496 ||| Stepping ~*~*~tactically~*~*~ (hiding).
 35504 | Vaults:4 | Received a gift from Okawaru
 35508 | Vaults:4 | 35508 ||| Stepping ~*~*~tactically~*~*~ (stealth).
 35628 | Vaults:4 | 35628 ||| Stepping ~*~*~tactically~*~*~ (hiding).
 35633 | Vaults:4 | Reached skill level 18 in Fighting
 35667 | Vaults:4 | Received a gift from Okawaru
 35707 | Vaults:4 | 35707 ||| Stepping ~*~*~tactically~*~*~ (hiding).
 35964 | Vaults:4 | 35964 ||| PLANNING SHOALS:4
 36502 | Shoals:4 | 36502 ||| PLANNING DEPTHS
 36847 | Depths:1 | Entered Level 1 of the Depths
 36891 | Depths:1 | Received a gift from Okawaru
 36976 | Depths:1 | 36976 ||| Stepping ~*~*~tactically~*~*~ (hiding).
 36994 | Depths:1 | 36994 ||| Stepping ~*~*~tactically~*~*~ (hiding).
 37003 | Depths:1 | Received a gift from Okawaru
 37059 | Depths:1 | Found a stormy altar of Qazlal.
 37185 | Depths:1 | Found a white marble altar of Elyvilon.
 37189 | Depths:1 | 37189 ||| INVOKING Heroism.
 37193 | Depths:1 | 37193 ||| INVOKING Finesse.
 37214 | Depths:1 | 37214 ||| Stepping ~*~*~tactically~*~*~ (hiding).
 37216 | Depths:1 | 37216 ||| Stepping ~*~*~tactically~*~*~ (hiding).
 37348 | Depths:1 | Reached skill level 21 in Armour
 37423 | Depths:1 | Found a gateway to Hell.
 37569 | Depths:1 | 37569 ||| Stepping ~*~*~tactically~*~*~ (stealth).
 37571 | Depths:1 | 37571 ||| Stepping ~*~*~tactically~*~*~ (hiding).
 37575 | Depths:1 | 37575 ||| INVOKING Heroism.
 37576 | Depths:1 | 37576 ||| INVOKING Finesse.
 37697 | Depths:2 | Found a one-way gate leading to the halls of Pandemonium.
 37792 | Depths:2 | 37792 ||| Stepping ~*~*~tactically~*~*~ (hiding).
 37911 | Depths:2 | 37911 ||| INVOKING Heroism.
 37912 | Depths:2 | 37912 ||| INVOKING Finesse.
 37934 | Depths:2 | 37934 ||| Stepping randomly (stuck).
 37935 | Depths:2 | 37935 ||| FLEEEEING.
 37936 | Depths:2 | 37936 ||| FLEEEEING.
 38007 | Depths:2 | 38007 ||| INVOKING Heroism.
 38014 | Depths:2 | 38014 ||| Stepping ~*~*~tactically~*~*~ (hiding).
 38034 | Depths:2 | 38034 ||| INVOKING Finesse.
 38035 | Depths:2 | 38035 ||| INVOKING Heroism.
 38058 | Depths:2 | 38058 ||| Stepping ~*~*~tactically~*~*~ (stealth).
 38069 | Depths:2 | Noticed Boris
 38070 | Depths:2 | 38070 ||| INVOKING Heroism.
 38086 | Depths:2 | Killed Boris
 38127 | Depths:2 | Identified the +6 longbow "Wetzil Xuan" {flame, rN+++ Int-3
                  | Dex+4}
 38130 | Depths:2 | Found a radiant altar of Vehumet.
 38133 | Depths:2 | Reached skill level 6 in Dodging
 38148 | Depths:2 | 38148 ||| INVOKING Heroism.
 38149 | Depths:2 | 38149 ||| INVOKING Finesse.
 38201 | Depths:2 | Identified the +4 falchion of Cadd {pain, Fly Will+ SInv}
 38214 | Depths:2 | 38214 ||| Stepping ~*~*~tactically~*~*~ (hiding).
 38217 | Depths:2 | 38217 ||| INVOKING Heroism.
 38232 | Depths:2 | 38232 ||| Stepping ~*~*~tactically~*~*~ (hiding).
 38236 | Depths:2 | Reached XP level 22. HP: 147/147 MP: 29/29
 38359 | Depths:2 | 38359 ||| INVOKING Heroism.
 38360 | Depths:2 | 38360 ||| INVOKING Finesse.
 38401 | Depths:2 | 38401 ||| DRINKING potion of experience.
 38401 | Depths:2 | Reached XP level 23. HP: 152/152 MP: 30/30
 38404 | Depths:2 | 38404 ||| READING scroll of enchant armour.
 38404 | Depths:2 | 38404 ||| ENCHANTING +0 cloak of willpower.
 38435 | Depths:2 | 38435 ||| Stepping ~*~*~tactically~*~*~ (hiding).
 38553 | Depths:2 | 38553 ||| DROPPING +1 cloak.
 38554 | Depths:2 | 38554 ||| DROPPING scarf of invisibility.
 38571 | Depths:2 | 38571 ||| INVOKING Heroism.
 38687 | Depths:2 | 38687 ||| INVOKING Heroism.
 38748 | Depths:2 | Found a shadowy altar of Dithmenos.
 38749 | Depths:2 | 38749 ||| INVOKING Heroism.
 38760 | Depths:2 | Reached skill level 22 in Armour
 38790 | Depths:2 | Found a one-way gateway to a ziggurat.
 38860 | Depths:2 | Found a one-way gate to the infinite horrors of the Abyss.
 38921 | Depths:2 | 38921 ||| INVOKING Heroism.
 38924 | Depths:2 | Received a gift from Okawaru
 39129 | Depths:2 | 39129 ||| Stepping ~*~*~tactically~*~*~ (hiding).
 39278 | Depths:3 | 39278 ||| INVOKING Heroism.
 39329 | Depths:3 | Noticed a caustic shrike
 39331 | Depths:3 | 39331 ||| Stepping ~*~*~tactically~*~*~ (hiding).
 39337 | Depths:3 | Killed a caustic shrike
 39338 | Depths:3 | 39338 ||| INVOKING Heroism.
 39364 | Depths:3 | 39364 ||| INVOKING Heroism.
 39365 | Depths:3 | HP: 31/151 [living spell/divine providence[a walking divine
                  | tome] (10)]
 39366 | Depths:3 | 39366 ||| READING 26 scrolls of teleportation.
 39367 | Depths:3 | 39367 ||| DRINKING potion of heal wounds.
 39370 | Depths:3 | Noticed Boris
 39371 | Depths:3 | 39371 ||| READING 25 scrolls of teleportation.
 39372 | Depths:3 | HP: 16/152 [spriggan rider/+0 spear (9)]
 39521 | Depths:3 | 39521 ||| INVOKING Heroism.
 39603 | Depths:3 | 39603 ||| INVOKING Heroism.
 39749 | Depths:3 | 39749 ||| INVOKING Heroism.
 39769 | Depths:3 | 39769 ||| Stepping ~*~*~tactically~*~*~ (hiding).
 39770 | Depths:3 | 39770 ||| Stepping ~*~*~tactically~*~*~ (hiding).
 39771 | Depths:3 | 39771 ||| Stepping ~*~*~tactically~*~*~ (hiding).
 39773 | Depths:3 | 39773 ||| Stepping ~*~*~tactically~*~*~ (hiding).
 39775 | Depths:3 | 39775 ||| Stepping ~*~*~tactically~*~*~ (hiding).
 39777 | Depths:3 | 39777 ||| Stepping ~*~*~tactically~*~*~ (hiding).
 39861 | Depths:3 | 39861 ||| INVOKING Heroism.
 39865 | Depths:3 | 39865 ||| Stepping ~*~*~tactically~*~*~ (hiding).
 40026 | Depths:3 | 40026 ||| INVOKING Heroism.
 40031 | Depths:3 | Killed Boris
 40145 | Depths:3 | Noticed Grunn
 40146 | Depths:3 | 40146 ||| INVOKING Heroism.
 40164 | Depths:3 | HP: 34/154 [Grunn/+6 glaive of draining (21)]
 40165 | Depths:3 | 40165 ||| READING 26 scrolls of teleportation.
 40167 | Depths:3 | 40167 ||| INVOKING Heroism.
 40167 | Depths:3 | Slain by Grunn

Levels and vault maps discovered:
D:1:      sevenhm_arrival_forest_fort_small_6, layout_rooms
D:2:      minmay_wonky_spiral, layout_loops_corners, basic_altar
D:3:      layout_rooms
D:4:      layout_rooms, amcnicky_altar_gilded, gup_sewer_entry_pipe
D:5:      nicolae_BIG_FREAKIN_CUBE, layout_basic, grunt_ministairs_1,
          kennysheep_cluttered_room, uniq_ijyb
D:6:      layout_cave_pools, trog_wizard, general_overflow_altar, st_stairs_7,
          amcnicky_mini_pool_small, uniq_blork_the_orc, uniq_sigmund,
          uniq_grinder, uniq_menkaure, uniq_pikel
D:7:      layout_cave_pods, xom_teletrap_fun, temple_green,
          lightli_ossuary_entry_decrepit_ruins, minmay_shop_damaged,
          minmay_misc_feat_rows, amcnicky_mini_corridor_feature
D:8:      layout_basic, kiku_gazebo_pond_becter, david_lair_shrubbed,
          dreamdust_princess_corridor, hangedman_decor_clover_reticule,
          kennysheep_small_spiral, kennysheep_potato
D:9:      layout_loops_ring, zin_purify, fedhas_bush_and_centaur_altar,
          minmay_variable_closet, uniq_maggie
D:10:     layout_roguey, ashenzari_conservatory_becter, orc_0_dummy,
          minmay_three_doors, uniq_urug
D:11:     dragon1_lemuel, layout_irregular_city, minmay_misc_feat_encased,
          nicolae_shop_overcharged_wands, uniq_snorg
D:12:     layout_loops_corners, minmay_unpleasant_kobolds
D:13:     layout_loops_ring, portal_ice_cave_demonic_guard,
          ebering_ghost_inner_flame, uniq_josephine
D:14:     layout_loops_ring, grunt_vaults_entry_fortified, tso_altar,
          kennysheep_crisscross, st_stairs_8, serial_park_tiny_2,
          nicolae_ru_sacrificial_ziggurat
D:15:     grunt_enter_depths_magical_seal, layout_long_grid, bloody_trog,
          minmay_starry_boxes
Temple:   nicolae_temple_great_sept
Lair:1:   layout_misc_corridors, grunt_megastairs_2, lemuel_fruit_tree
Lair:2:   layout_chaotic_city, minmay_shoals_entry_lonely_mermaid,
          serial_bayou_shore_b, infiniplex_staircase_pool, uniq_harold
Lair:3:   cheibrodos_lair_river_kwai, layout_regular_city,
          hellmonk_spider_entry_life_and_decay, guppyfry_lair_drakes,
          uniq_nergalle
Lair:4:   layout_hall_layers, beast_lair_carwin_5
Lair:5:   hangedman_lair_caniforms_friends, layout_small_grid, slime_entry_1,
          grunt_megastairs_5
Shoals:1: layout_shoals
Shoals:2: layout_shoals, nicolae_shoals_c_island, uniq_ilsuiw, uniq_donald,
          uniq_polyphemus
Shoals:3: layout_shoals, serial_shops, nicolae_shop_window_shopping, shop,
          nicolae_take_the_stairs, nicolae_shop_real_fake_doors
Shoals:4: shoals_end_hellmonk_storm_palace [storm_palace_center_ruins,
          storm_palace_corner_grid, storm_palace_corner_altar,
          storm_palace_corner_blocked, storm_palace_corner_pillars], uniq_aizul
Spider:1: layout_spider_delve, uniq_rupert
Spider:2: cheibrodos_spider_deadly_dance, nicolae_orb_stairs
Spider:3: layout_spider_delve, uniq_nikola
Spider:4: grunt_spider_rune_parallel, uniq_asterion, uniq_arachne
Orc:1:    layout_diamond_mine, uniq_jorgrun
Orc:2:    kennysheep_orc_mage_school, layout_diamond_mine, serial_shops, shop
Vaults:1: ontoclasm_vaults_spin, v_misc_31, nicolae_vaults_closet_pinwheel_1,
          nicolae_vaults_storage_closets_1, nicolae_vaults_octothorpe,
          vaults_room_door_hall, v_misc_29, nicolae_vaults_storage_room_water,
          nicolae_vaults_storage_room_glass, vaults_mumra_lcd,
          layout_vaults_omnigrid
Vaults:2: v_misc_28, nicolae_vaults_little_squares_1, st_spiral_rooms,
          ontoclasm_vaults_ring_square, grunt_vaults_funnel,
          nicolae_vaults_more_shelving_2, v_misc_1, vaults_room_fours,
          nicolae_vaults_house_1, layout_vaults_chaotic_city, serial_shops,
          bzr_entry_dummy, uniq_frederick, uniq_bai_suzhen
Vaults:3: nicolae_vaults_tetromino_Z_1, nicolae_vaults_trapezoid_layered,
          minmay_crypt_entry_simple_corners, nicolae_vaults_network_periphery,
          v_misc_14, nicolae_vaults_closet_pinwheel_5, nicolae_vaults_triangles,
          v_rooms_2, nicolae_vaults_little_squares_3,
          nicolae_vaults_sightless_eye, vaults_room_fancy_cross,
          nicolae_vaults_trapezoid_lopsided_3, vaults_mumra_chevron,
          nicolae_vaults_double_plus_2, layout_vaults_big_cross, serial_shops,
          shop
Vaults:4: hangedman_vaults_stagger, vaults_dpeg_cross,
          nicolae_vaults_little_squares_6, nicolae_vaults_tetromino_Z_2,
          hangedman_vaults_pinch, hangedman_vaults_stream,
          nicolae_vaults_network_s, nicolae_vaults_sealed_display,
          nicolae_vaults_oval_intersection, hangedman_vaults_slice,
          layout_vaults_omnibox, serial_shops, bzr_entry_water, uniq_zenata
Depths:1: layout_gridlike, grunt_hell_entry_dis_grunt, elyvilon_altar_3,
          nicolae_qazlal_general_emergency, serial_bayou_shore_b,
          serial_bayou_shore_b
Depths:2: evilmike_halls_of_destruction, layout_gridlike, enter_ziggurat_c,
          rand_demon_pan_entry_8, grunt_dithmenos_smoke_and_mirrors,
          abyss_entry_small_statue_room, grunt_mini_vestibule
Depths:3: minmay_crescents, layout_gridlike, abyss_entry,
          chequers_decorated_corner, pf_hell_entry_great_geh, minmay_librarian,
          uniq_grunn, uniq_boris

Skill      XL: |  1  2  3  4  5  6  7  8  9 10 11 12 13 14 15 16 17 18 19 20 21 22 23 |
---------------+----------------------------------------------------------------------+-----
Axes           | 2 3 4 5 6 7 8 10 11 12 13 15 16 17 18 | 18.0
Fighting       | 4 5 6 7 9 10 11 12 13 15 16 18 19 | 19.5
Dodging        | 1 2 3 4 5 6 |  6.0
Armour         | 5 6 7 8 9 10 11 12 16 17 18 20 21 22 | 22.0
Shields        | 6 9 10 11 12 13 17 18 19 20 | 20.4
Invocations    | 4 9 10 | 10.0
Throwing       | 2 3 5 7 9 10 | 10.0

Action                     |  1- 3 |  4- 6 |  7- 9 | 10-12 | 13-15 | 16-18 | 19-21 | 22-24 || total
---------------------------+-------+-------+-------+-------+-------+-------+-------+-------++-------
  Melee: War axe           |   102 |   244 |    67 |    13 |    33 |       |       |       ||   459
         Broad axe         |       |       |   270 |   559 |  1120 |  1687 |  1376 |   193 ||  5205
  Throw: Javelin           |       |       |       |     7 |    62 |   132 |   130 |     7 ||   338
         Boomerang         |       |       |       |       |       |    13 |    18 |    10 ||    41
 Invoke: Heroism           |       |       |       |    16 |    30 |    40 |    20 |    15 ||   121
         Finesse           |       |       |       |     1 |     6 |    13 |     9 |     1 ||    30
    Use: Scroll            |     7 |     8 |     8 |       |    13 |     6 |     2 |     4 ||    48
         Potion            |       |     1 |     3 |       |       |     5 |       |     2 ||    11
   Stab: Invisible         |       |       |     2 |       |       |       |       |       ||     2
 Armour: Scale mail        |    50 |    17 |       |       |       |       |       |       ||    67
         Chain mail        |       |   183 |   128 |       |       |       |       |       ||   311
         Plate armour      |       |       |    66 |   254 |   503 |   150 |       |       ||   973
         Crystal plate arm |       |       |       |       |       |   872 |   613 |   130 ||  1615
  Dodge: Dodged            |    50 |   130 |   184 |   270 |   494 |   677 |   416 |    98 ||  2319
  Block: Buckler           |    14 |    66 |    78 |       |       |       |       |       ||   158
         Kite shield       |       |       |    12 |   300 |   581 |    10 |       |       ||   903
         Tower shield      |       |       |       |       |       |  1638 |  1114 |   212 ||  2964

Table legend:
 A = Non-vault XP
 B = Vault XP
 C = Vault XP percentage of total XP
 D = Non-vault monster count
 E = Vault monster count
 F = Vault count percentage of total count
                 A         B        C        D         E       F
            +---------+---------+-------+---------+---------+-------
      Total |  394428 |  266393 |  40.3 |    1045 |     503 |  32.5
            +---------+---------+-------+---------+---------+-------
        D:1 |      63 |       0 |   0.0 |      28 |       0 |   0.0
        D:2 |      46 |      19 |  29.2 |      25 |       5 |  16.7
        D:3 |     102 |       0 |   0.0 |      14 |       0 |   0.0
        D:4 |     222 |      31 |  12.3 |      15 |       6 |  28.6
        D:5 |     588 |     975 |  62.4 |      22 |       6 |  21.4
        D:6 |     730 |     511 |  41.2 |      23 |       3 |  11.5
        D:7 |     798 |       0 |   0.0 |      15 |       0 |   0.0
        D:8 |    2579 |     421 |  14.0 |      36 |       2 |   5.3
        D:9 |    2644 |     467 |  15.0 |      26 |       2 |   7.1
       D:10 |    2508 |    2204 |  46.8 |      17 |       4 |  19.0
       D:11 |    4185 |    1812 |  30.2 |      23 |       2 |   8.0
       D:12 |    6984 |     301 |   4.1 |      24 |       6 |  20.0
       D:13 |    4337 |    2633 |  37.8 |      18 |       8 |  30.8
       D:14 |    9223 |    7867 |  46.0 |      19 |      12 |  38.7
       D:15 |    6350 |    8113 |  56.1 |      13 |      15 |  53.6
     Lair:1 |    4316 |     403 |   8.5 |      20 |       1 |   4.8
     Lair:2 |    6363 |    1315 |  17.1 |      22 |       2 |   8.3
     Lair:3 |    8218 |    6247 |  43.2 |      31 |      14 |  31.1
     Lair:4 |    5014 |    1231 |  19.7 |      19 |       5 |  20.8
     Lair:5 |   13891 |   16154 |  53.8 |      44 |      69 |  61.1
   Shoals:1 |   17893 |       0 |   0.0 |      33 |       0 |   0.0
   Shoals:2 |   14064 |   10448 |  42.6 |      32 |      12 |  27.3
   Shoals:3 |   14259 |       0 |   0.0 |      25 |       0 |   0.0
   Shoals:4 |   12332 |   29286 |  70.4 |      30 |      60 |  66.7
   Spider:1 |   15495 |    1905 |  10.9 |      44 |       1 |   2.2
   Spider:2 |   21196 |    2881 |  12.0 |      50 |       4 |   7.4
   Spider:3 |    7342 |    2018 |  21.6 |      19 |       1 |   5.0
   Spider:4 |   14742 |   15584 |  51.4 |      35 |      28 |  44.4
      Orc:1 |    5047 |    1840 |  26.7 |      17 |       1 |   5.6
      Orc:2 |    1683 |    6501 |  79.4 |      38 |      34 |  47.2
   Vaults:1 |   52812 |   19562 |  27.0 |      76 |      25 |  24.8
   Vaults:2 |   17004 |   33229 |  66.1 |      31 |      35 |  53.0
   Vaults:3 |   39289 |   19648 |  33.3 |      55 |      23 |  29.5
   Vaults:4 |   27581 |   15840 |  36.5 |      37 |      19 |  33.9
   Depths:1 |   24180 |     760 |   3.0 |      34 |       1 |   2.9
   Depths:2 |   12450 |   27820 |  69.1 |      12 |      30 |  71.4
   Depths:3 |   17898 |   27979 |  61.0 |      23 |      17 |  42.5
      Sewer |       0 |     388 | 100.0 |       0 |      50 | 100.0
            +---------+---------+-------+---------+---------+-------
